Workbook

Sheet שירות 
A1: מזהה | B1: משרד | C1: שם השירות | D1: תאור ופירוט השירות | E1: תחום השירות | F1: שם היחידה המקצועית מספקת השירות | G1: סוג קהל יעד | H1: קהל יעד | I1: סוג השירות | J1: סטטוס שירות | K1: יחיד או תאגיד | L1: השירות כולל הגשת מסמכים | M1: ערוצים אפשריים לקבלת שירות | N1: כתובת דף השירות באתר | O1: היקף שימוש דיגיטלי שנתי | P1: היקף שימוש טלפוני שנתי | Q1: היקף שימוש פרונטלי שנתי | R1: היקף שימוש שנתי | S1: הערכת היקף שימוש דיגיטלי שנתי | T1: הערכת היקף שימוש פרונטלי שנתי | U1: הערכת היקף שימוש טלפוני שנתי | V1: הערכת היקף שימוש | W1: אסמכתא מונפקת
A2: 648 | B2: משרד העבודה | C2: רישוי מהנדסים ואדריכלים | D2: הגשת בקשה לקבלת רישיון למהנדס או אדריכל רשום.מסמכים נדרשים: תעודה מזהה, אישור ביצוע תקופת התמחות/התנסות מקצועית, קורות חיים | F2: אגף בכיר אסדרת עיסוקים | G2: פרטי | H2: פרטי - אוכלוסייה כללית, | I2: רישוי, רישום ותעודות | J2: פעיל | K2: יחיד ותאגיד | L2: כן | M2: דיגיטלי | N2: https://www.gov.il/he/service/architects-licensing | O2: 1069 | P2: 0 | Q2: 0 | R2: 1069 | W2: רישיון מהנדס/אדריכל
A3: 652 | B3: משרד העבודה | C3: רישום מהנדסים ואדריכלים | D3: השירות מאפשר למהנדסים ואדריכלים להירשם בפנקס המהנדסים והאדריכלים, בין היתר, כתנאי לעיסוק במקצועות בעלי ייחוד פעולות בחוק ולצורך קבלת רישיון בהמשך.מסמכים נדרשים: גיליון ציונים, תעודה אקדמית (דיפלומה), אישור ביצוע מקצועות ליבה, תקציר פרויקט גמר, אישור זכאות לתואר, תעודה מזהה, תרגום נוטריוני מסמכים שאינם בעברית/אנגלית,אישורי יציאה וכניסה מ/לישראל - רשות האוכלוסין וההגירה. | F3: אגף בכיר אסדרת עיסוקים | G3: פרטי | H3: פרטי - אוכלוסייה כללית, | I3: רישוי, רישום ותעודות | J3: פעיל | K3: יחיד ותאגיד | L3: כן | M3: דיגיטלי | N3: https://www.gov.il/he/service/registration-of-engineers-and-architects | O3: 3288 | P3: 0 | Q3: 0 | R3: 3288 | W3: תעודת רישום בפנקס המהנדסים והאדריכלים
A4: 5781 | B4: משרד העבודה | C4: השלמת מסמכים לעדכון בקשה להשתתפות המדינה בשכר לימוד במעונות יום, משפחתונים וצהרונים - עדכונט | D4: שירות זה מאפשר להשלים ולעדכן מסמכים לבקשה קיימת להשתתפות המדינה בשכר לימוד במעונות יום, משפחתונים וצהרונים.ניתן לצרף כל מסמך התומך בבקשה. | F4: אגף בכיר עידוד תעסוקת הורים | G4: פרטי | H4: פרטי - הורים, | I4: דיווח מידע | J4: פעיל | K4: יחיד ותאגיד | L4: כן | M4: דיגיטלי | N4: https://www.gov.il/he/service/document_completion_for_request_for_day_care_centers | O4: 111559 | P4: 0 | Q4: 0 | R4: 111559
A5: 5861 | B5: משרד העבודה | C5: הודעה על שינוי מעמד של קבלני כוח אדם או קבלני שירות | D5: שירות זה מאפשר לקבלני שירות או לקבלני כוח אדם, לדווח על שינוי מעמד מעוסק מורשה לחברה בע"מ. | F5: מינהל הסדרה ואכיפת חוקי עבודה | G5: עסקי-מקצועי | H5: עסקי - חברות - כלל העסקים, | I5: דיווח מידע | J5: פעיל | K5: תאגיד בלבד | L5: כן | M5: דיגיטלי, דוא"ל | N5: https://www.gov.il/he/service/contractors-report-company-status-change | P5: 0 | Q5: 0 | R5: 0 | W5: הודעה על שינוי מעמד של קבלני כוח אדם או קבלני שירות
A6: 5862 | B6: משרד העבודה | C6: הגשת דוחות על ניצול היתר להעסקה במנוחה השבועית, בשעות נוספות, בעבודת לילה | D6: שירות זה מאפשר למעסיקים להגיש דיווח תקופתי על אופן ניצול ההיתר. | F6: מינהל הסדרה ואכיפת חוקי עבודה | G6: עסקי-מקצועי | H6: עסקי - חברות - כלל העסקים, | I6: דיווח מידע | J6: פעיל | K6: תאגיד בלבד | L6: כן | M6: דיגיטלי, דוא"ל | N6: https://www.gov.il/he/service/report-weekend-employment | O6: 513 | P6: 0 | Q6: 0 | R6: 513 | W6: דווח תקופתי על אופן ניצול ההיתר להעסקת עובדים במנוחה השבועית ו/או בשעות נוספות ו/או בעבודת לילה
A7: 5863 | B7: משרד העבודה | C7: הודעה על הוספת תחום, שינוי כתובת, הוספת סניף, החלפת ערבויות (חשבון בנק), שינוי שם חברה/עסק | D7: שירות זה מאפשר לקבלני שירות או לקבלני כוח אדם, להגיש בקשה למשרד העבודה על הוספת תחום, שינוי כתובת משרדי החברה/עסק, הוספת סניף, על החלפת ערבויות (חשבון בנק), על שינוי שם חברה/עסק. | F7: מינהל הסדרה ואכיפת חוקי עבודה | G7: עסקי-מקצועי | H7: עסקי - חברות - כלל העסקים, | I7: דיווח מידע | J7: פעיל | K7: תאגיד בלבד | L7: כן | M7: דיגיטלי, דוא"ל | N7: https://www.gov.il/he/service/contractors-report-details-change | O7: 190 | P7: 0 | Q7: 0 | R7: 190 | W7: הודעה על הוספת תחום, שינוי כתובת, הוספת סניף, החלפת ערבויות (חשבון בנק), שינוי שם חברה/עסק
A8: 5864 | B8: משרד העבודה | C8: הודעה על הפסקת פעילות של קבלני כוח אדם או קבלני שירות | D8: שירות זה מאפשר לקבלני כוח אדם או לקבלני שירות, להודיע למינהל הסדרה ואכיפה, על אי-חידוש רישיון הקבלן שברשותם.מסמכים נדרשים: טפסי 102, באם הועסקו עובדים זרים ו/או מבקשי מקלט ו/או מסתננים - יש להמציא אישורי ויזה + צילומי דרכון של כלל העובדים הזרים/מבקשי מקלט/מסתננים שהועסקו בעסק/חברה. | F8: מינהל הסדרה ואכיפת חוקי עבודה | G8: עסקי-מקצועי | H8: עסקי - חברות - כלל העסקים, | I8: דיווח מידע | J8: פעיל | K8: תאגיד בלבד | L8: כן | M8: דיגיטלי, דוא"ל | N8: https://www.gov.il/he/service/manpower-contractor-license-non-renewal | O8: 190 | P8: 0 | Q8: 0 | R8: 190 | W8: הודעה על הפסקת פעילות של קבלני כוח אדם או קבלני שירות
A9: 5865 | B9: משרד העבודה | C9: הנחיות למכירת חברה תוך שמירה על רישיון שניתן לקבלן שירות, קבלן כ"א או לשכות פרטיות | D9: שירות זה מספק מידע לקבלני שירות, לקבלני כוח אדם או לבעלי לשכות פרטיות, על חובתם להודיע על כוונתם למכור את מניות החברה או את פעילותה.מסמכים נדרשים: אישור הרשות על כוונה למכור את מניות החברה או את פעילותה | F9: מינהל הסדרה ואכיפת חוקי עבודה | G9: עסקי-מקצועי | H9: עסקי - חברות - כלל העסקים, | I9: דיווח מידע | J9: פעיל | K9: תאגיד בלבד | L9: כן | M9: דיגיטלי, דוא"ל | N9: https://www.gov.il/he/service/contractors-company-sale-report | O9: 71 | P9: 0 | Q9: 0 | R9: 71 | W9: אישור הרשות על כוונה למכור את מניות החברה או את פעילותה
A10: 5866 | B10: משרד העבודה | C10: הגשת תלונה על מעסיקים בשל הפרת חוקי עבודה | D10: שירות זה מאפשר לעובדים להגיש תלונה על מעסיקים, גם באופן אנונימי, במקרה של חשד להפרה של חוקי עבודה. | F10: מינהל הסדרה ואכיפת חוקי עבודה | G10: פרטי | H10: פרטי - אוכלוסייה כללית, | I10: דיווח מידע | J10: פעיל | K10: יחיד ותאגיד | L10: לא | M10: דיגיטלי | N10: https://www.gov.il/he/service/work-rights-violation-complaints | O10: 5724 | P10: 0 | Q10: 0 | R10: 5724 | W10: אישור הגשת תלונה על מעסיקים בשל הפרת חוקי עבודה
A11: 5867 | B11: משרד העבודה | C11: בקשה להיתר העסקה בשעות נוספות ובמנוחה השבועית | D11: שירות זה מאפשר למעסיקים להגיש בקשה, להיתר מיוחד להעסקת עובדים במנוחה השבועית ו/או בשעות נוספות ו/או בעבודת לילה. | F11: מינהל הסדרה ואכיפת חוקי עבודה | G11: עסקי-מקצועי | H11: עסקי - חברות - כלל העסקים, | I11: דיווח מידע | J11: פעיל | K11: תאגיד בלבד | L11: כן | M11: דיגיטלי | N11: https://www.gov.il/he/service/request-for-employment-during-weekend-or-extra-hours | O11: 1155 | P11: 0 | Q11: 0 | R11: 1155 | W11: היתר העסקה בשעות נוספות ובמנוחה השבועית
A12: 5868 | B12: משרד העבודה | C12: תשלום אגרת רישום, רישוי ובחינות רישוי למהנדסים ולאדריכלים | D12: שירות זה מאפשר תשלום אגרת רישום, רישוי ובחינות רישוי למהנדסים ולאדריכלים. | F12: אגף בכיר אסדרת עיסוקים | G12: פרטי | H12: פרטי - אוכלוסייה כללית, | I12: תשלומים | J12: פעיל | K12: יחיד ותאגיד | L12: לא | M12: דיגיטלי | N12: https://www.gov.il/he/service/fees-testing-engineers-and-architects | O12: 15000 | P12: 0 | Q12: 0 | R12: 15000 | W12: אסמכתא על התשלום ואישור זכאות לגשת לבחינת הרישוי
A13: 5869 | B13: משרד העבודה | C13: רישום מורשי נגישות מתו"ס (מבנים, תשתיות וסביבה) הנדסאים | D13: השירות מאפשר להנדסאים להירשם כמורשי נגישות מתו"ס.מורשי נגישות מתו"ס מייעצים לגבי נגישות של מבנים, תשתיות וסביבה לאנשים עם מוגבלויות. הרישום הוא תנאי חובה לעיסוק כמורשה נגישות. | F13: אגף בכיר אסדרת עיסוקים | G13: פרטי | H13: פרטי - אוכלוסייה כללית, | I13: רישוי, רישום ותעודות | J13: פעיל | K13: יחיד ותאגיד | L13: כן | M13: דיגיטלי | N13: https://www.gov.il/he/service/registration-accessibility-licenses-practical-engineers | O13: 38 | P13: 0 | Q13: 0 | R13: 38
A14: 5870 | B14: משרד העבודה | C14: בקשה לרישום במרשם ההנדסאים והטכנאים המוסמכים | D14: שירות זה מאפשר להנדסאים ולטכנאים מוסמכים להגיש בקשה לרישום במרשם ההנדסאים והטכנאים המוסמכים. | F14: אגף בכיר אסדרת עיסוקים | G14: פרטי | H14: פרטי - אוכלוסייה כללית, | I14: רישוי, רישום ותעודות | J14: פעיל | K14: יחיד ותאגיד | L14: כן | M14: דיגיטלי | N14: https://www.gov.il/he/service/registration-certified-practical-engineers-and-technicians | O14: 7279 | P14: 0 | Q14: 0 | R14: 7279
A15: 5871 | B15: משרד העבודה | C15: בקשה לרישום בפנקס מורשה להיתר | D15: שירות זה מאפשר לאדריכלים העומדים בתנאי הרישום, לאשר היתרי בניה, בכפוף להוראות חוק התכנון והבנייה.מסמכים נדרשים: היתרי בנייה שביצע,הצהרת עו"דרישום פלילי - משטרת ישראל | F15: אגף בכיר אסדרת עיסוקים | G15: פרטי | H15: פרטי - אוכלוסייה כללית, | I15: רישוי, רישום ותעודות | J15: פעיל | K15: יחיד ותאגיד | L15: כן | M15: דיגיטלי | N15: https://www.gov.il/he/service/registration-permit-book | O15: 99 | P15: 0 | Q15: 0 | R15: 99 | W15: תעודת רישום בפנקס מורשה להיתר
A16: 5872 | B16: משרד העבודה | C16: רישום מורשי נגישות מתו"ס (מבנים, תשתיות וסביבה) מהנדסים ואדריכלים | D16: השירות מאפשר למהנדסים ולאדריכלים להירשם כמורשי נגישות מתו"ס.מורשי נגישות מתו"ס מייעצים לגבי נגישות של מבנים, תשתיות וסביבה לאנשים עם מוגבלויות. הרישום הוא תנאי חובה לעיסוק כמורשה נגישות.מסמכים נדרשים: תעודה מזהה, תעודת רישום בפנקס המהנדסים והאדריכלים, תעודה מקצועית ותעודת גמר מורשה נגישות מתו"ס מטעם האגף להכשרה מקצועית | F16: אגף בכיר אסדרת עיסוקים | G16: פרטי | H16: פרטי - אוכלוסייה כללית, | I16: רישוי, רישום ותעודות | J16: פעיל | K16: יחיד ותאגיד | L16: כן | M16: דיגיטלי | N16: https://www.gov.il/he/service/licensed-registration-of-accessibility-matos-a | O16: 20 | P16: 0 | Q16: 0 | R16: 20 | W16: רישום בפנקס מורשה נגישות מתו"ס מהנדסים
A17: 5873 | B17: משרד העבודה | C17: הגשת בקשה לקבלת רישיון לביצוע ולתכנון עבודות חשמל | D17: שירות זה מאפשר לחשמלאים, טכנאים, הנדסאים או מהנדסים להגיש בקשה לקבלת רישיון לביצוע ולתכנון עבודות חשמל. | F17: אגף בכיר אסדרת עיסוקים | G17: פרטי | H17: פרטי - אוכלוסייה כללית, | I17: רישוי, רישום ותעודות | J17: פעיל | K17: יחיד ותאגיד | L17: כן | M17: דיגיטלי | N17: https://www.gov.il/he/service/applying-for-an-electricians-license | O17: 10402 | P17: 0 | Q17: 0 | R17: 10402
A18: 5874 | B18: משרד העבודה | C18: הגשת ערעור על תוצאות בחינת הרישוי הממשלתית בהנדסה אזרחית-מבנים ובאדריכלות | D18: שירות זה מאפשר לנבחנים בבחינת הרישוי הממשלתית בהנדסה אזרחית - מבנים ובאדריכלות להגיש ערעור על תוצאות הבחינה. | F18: אגף בכיר אסדרת עיסוקים | G18: פרטי | H18: פרטי - אוכלוסייה כללית, | I18: דיווח מידע | J18: פעיל | K18: יחיד ותאגיד | L18: כן | M18: דיגיטלי | N18: https://www.gov.il/he/service/license-exams-appeal | O18: 71 | P18: 0 | Q18: 0 | R18: 71
A19: 5875 | B19: משרד העבודה | C19: הרשמה לבחינת הרישוי בהנדסה אזרחית - מבנים | D19: שירות זה מאפשר למהנדסים רשומים שסיימו את תקופת ההתמחות, להירשם לבחינת הרישוי במדור הנדסה אזרחית - מבנים. | F19: אגף בכיר אסדרת עיסוקים | G19: פרטי | H19: פרטי - אוכלוסייה כללית, | I19: רישוי, רישום ותעודות | J19: פעיל | K19: יחיד ותאגיד | L19: לא | M19: דיגיטלי | N19: https://www.gov.il/he/service/structural-eng-licensing-exam-registration | O19: 206 | P19: 0 | Q19: 0 | R19: 206
A20: 5876 | B20: משרד העבודה | C20: בקשה לרישום במרשם הבקרים | D20: שירות זה מאפשר להירשם במרשם הבקרים של האגף לאסדרת עיסוקים במשרד העבודה.מסמכים נדרשים: תעודה מזהה, תעודת סיום קורס | F20: אגף בכיר אסדרת עיסוקים | G20: פרטי | H20: פרטי - אוכלוסייה כללית, | I20: רישוי, רישום ותעודות | J20: פעיל | K20: יחיד ותאגיד | L20: כן | M20: דיגיטלי | N20: https://www.gov.il/he/service/controllers-registration | O20: 2 | P20: 0 | Q20: 0 | R20: 2 | W20: תעודת רישום במרשם הבקרים
A21: 5877 | B21: משרד העבודה | C21: תשלומים ואגרות עבור רישיון חשמל | D21: שירות זה מאפשר לשלם אגרה עבור רישיון חשמל. | F21: אגף בכיר אסדרת עיסוקים | G21: פרטי | H21: פרטי - אוכלוסייה כללית, | I21: רישוי, רישום ותעודות | J21: פעיל | K21: יחיד ותאגיד | L21: לא | M21: דיגיטלי | N21: https://www.gov.il/he/service/fees-and-payments-electrician-license | O21: 35597 | P21: 0 | Q21: 0 | R21: 35597 | W21: רישיון חשמל
A22: 5878 | B22: משרד העבודה | C22: תשלום אגרות מה"ט (המכון הממשלתי להכשרה בטכנולוגיה ובמדע) | D22: שירות זה מאפשר לשלם אגרות עבור מה"ט (המכון הממשלתי להכשרה בטכנולוגיה ובמדע). השירות מיועד עבור סטודנטים ולא עבור המכללות. | F22: מה"ט | G22: פרטי | I22: תשלומים | J22: פעיל | K22: יחיד ותאגיד | L22: לא | M22: דיגיטלי | N22: https://www.gov.il/he/service/iroads_payment_for_services | O22: 1114 | P22: 0 | Q22: 0 | R22: 1114 | W22: אישור תשלום על בחינות מה"ט לסטודנטים (אסמכתא במייל)
A23: 5879 | B23: משרד העבודה | C23: התאמות בבחינות גמר ממלכתיות להנדסאים וטכנאים מוסמכים | D23: שירות זה מספק מידע על הגשת בקשה להתאמות בבחינה, עבור סטודנטים שהם עולים חדשים או בעלי לקות למידה או בעלי מגבלות שונות, הנבחנים בבחינות הגמר הממלכתיות של המכון הממשלתי להכשרה בטכנולוגיה ומדע (מה"ט) להנדסאים וטכנאים מוסמכים.נדרש להגיש ע"י המכללה בלבד תוצאות אבחונים והאישור מתקבל על ידי מערכת מה"ט.נט | F23: מה"ט | G23: עסקי-מקצועי | H23: מוסדות אקדמיים, | I23: דיווח מידע | J23: פעיל | K23: תאגיד בלבד | L23: כן | M23: דיגיטלי | N23: https://www.gov.il/he/service/national_final_exams_adjustments_for_engineers_and_techs | O23: 3010 | P23: 0 | Q23: 0 | R23: 3010
A24: 5880 | B24: משרד העבודה | C24: תשלום מכללות לפרוייקטים או לבחינות חיצוניות של מה"ט (המכון הממשלתי להכשרה בטכנולוגיה ומדע) | D24: שירות זה מאפשר למכללות של המכון הממשלתי להכשרה בטכנולוגיה ובמדע (מה"ט) לשלם עבור בחינות חיצוניות או פרויקטים. | F24: מה"ט | G24: עסקי-מקצועי | H24: עסקי - חברות - כלל העסקים, | I24: תשלומים | J24: פעיל | K24: תאגיד בלבד | L24: לא | M24: דיגיטלי | N24: https://www.gov.il/he/service/colleges_payment_external_examinations_projects | O24: 540 | P24: 0 | Q24: 0 | R24: 540 | W24: אישור תשלום מכללות לפרוייקטים או לבחינות חיצוניות של מה"ט (המכון הממשלתי להכשרה בטכנולוגיה ומדע)
A25: 5881 | B25: משרד העבודה | C25: קבלת תוצאות וציונים של בחינות הכשרת מבוגרים | D25: שירות זה מאפשר לנבחנים שניגשו לבחינות המקצוע של האגף להכשרה מקצועית במשרד העבודה, להיכנס למערכת ציונט ולצפות בציוני הבחינות הממלכתיות.לא ניתן לקבל מידע של כמות פניות שנתית כי המידע לבירור ציונים עבר לאיזור האישי או למערכת מוסדית ייעודית לא רק בירור ציון | F25: הכשרה מקצועית | G25: פרטי | H25: פרטי - אוכלוסייה כללית, | I25: בקשת מידע | J25: פעיל | K25: יחיד ותאגיד | L25: לא | M25: דיגיטלי | N25: https://www.gov.il/he/pages/grades | O25: 0 | P25: 0 | Q25: 0 | R25: 0
A26: 5882 | B26: משרד העבודה | C26: סימולטור לחישוב דרגת זכאות להשתתפות במסגרות לגיל הרך המוכרות על ידי משרד העבודה | D26: שירות זה מאפשר להורים לקבל אומדן לדרגת הזכאות שתיקבע להם ולגובה השתתפות המדינה בשכר לימוד._x000D_ _x000D_ ניתן לצרף לבקשה כל מסמך שתומך בבקשת הזכאות. | F26: אגף בכיר עידוד תעסוקת הורים | G26: פרטי | H26: פרטי - הורים, | I26: בקשת מידע | J26: פעיל | K26: יחיד ותאגיד | L26: לא | M26: דיגיטלי | N26: https://www.gov.il/he/service/simulator_for_child_day_care_tuition | O26: 346994 | P26: 0 | Q26: 0 | R26: 346994
A27: 5883 | B27: משרד העבודה | C27: דיווח נוכחות חודשי | D27: הנחיות עבור מנהלות מעון ורכזות משפחתונים, ובנוסף קבצים לא מקוונים._x000D_ _x000D_ ניתן להגיש כל מסמך התומך בבקשה. | F27: אגף בכיר עידוד תעסוקת הורים | G27: עסקי-מקצועי | H27: מוסדות חינוך, | I27: דיווח מידע | J27: פעיל | K27: תאגיד בלבד | L27: לא | M27: דיגיטלי | N27: https://www.gov.il/he/service/reporting-monthly-attendance-day-care-centers-and-nurseries | O27: 82530 | P27: 0 | Q27: 0 | R27: 82530 | S27: גדול
A28: 5884 | B28: משרד העבודה | C28: בירור דרגת זכאות להשתתפות המדינה בשכר לימוד במסגרות לגיל הרך המוכרות על ידי משרד העבודה | D28: שירות זה מאפשר להורים שהגישו בקשה לקבלת השתתפות בשכר לימוד במסגרת שבפיקוח משרד העבודה (באמצעות טופס מקוון), לברר את סטטוס הטיפול בבקשה, האם חסרים מסמכים לקביעת דרגת הזכאות ומהי דרגת הזכאות שנקבעה._x000D_ _x000D_ ניתן לצרף כל מסמך התומך בבקשה. | F28: אגף בכיר עידוד תעסוקת הורים | G28: פרטי | H28: פרטי - הורים, | I28: סיוע כלכלי וקצבאות | J28: פעיל | K28: יחיד ותאגיד | L28: כן | M28: דיגיטלי | N28: https://www.gov.il/he/service/daycare-center-parents-request-degree-of-subsidy | O28: 522860 | P28: 0 | Q28: 0 | R28: 522860
A29: 5885 | B29: משרד העבודה | C29: רישום למעון יום לשנת הלימודים הבאה | D29: שירות לרישום ילדים למעונות יום | F29: אגף בכיר עידוד תעסוקת הורים | G29: פרטי | H29: פרטי - הורים, | I29: דיווח מידע | J29: פעיל | K29: יחיד ותאגיד | L29: לא | M29: דיגיטלי | N29: https://www.gov.il/he/service/daycare-registration | O29: 101088 | P29: 0 | Q29: 0 | R29: 101088 | W29: אישור רישום למעון יום
A30: 5886 | B30: משרד העבודה | C30: טופס השלמת מסמכים לוועדות קבלה | D30: שירות זה מאפשר להשלים ולעדכן מסמכים לעדכון בקשה לוועדת קבלה למעונות יום. ניתן לצרף כל מסמך התומך בבקשה. | F30: אגף בכיר עידוד תעסוקת הורים | G30: פרטי | H30: פרטי - הורים, | I30: דיווח מידע | J30: פעיל | K30: יחיד ותאגיד | L30: כן | M30: דיגיטלי | N30: https://www.gov.il/he/service/admission-committees-daycare | O30: 49965 | P30: 0 | Q30: 0 | R30: 49965
A31: 5887 | B31: משרד העבודה | C31: הצהרת התנדבות לעובדים במפעלים חיוניים | D31: שירות זה מאפשר לעובדים מעל גיל הפרישה להצהיר על רצונם להתנדב לשירות עבודה במפעלים חיוניים בשעת חירום. | F31: אגף כח אדם לשעת חירום – מטה ארצי | G31: עסקי-מקצועי | I31: דיווח מידע | J31: פעיל | K31: יחיד ותאגיד | L31: לא | M31: דיגיטלי | N31: https://www.gov.il/he/service/voluntary-work-declaration-form | O31: 870 | P31: 0 | Q31: 0 | R31: 870
A32: 5888 | B32: משרד העבודה | C32: הודעה על סכסוך עבודה במשק | D32: השירות מאפשר לדווח לממונה על יחסי עבודה על סכסוך עבודה. מסמכים נדרשים:הודעה חתומה על סכסוך עבודה או בטופס דיגיטלי https://www.gov.il/he/service/announce-labor-dispute | F32: ממונה על יחסי עבודה | G32: עסקי-מקצועי | I32: דיווח מידע | J32: פעיל | K32: תאגיד בלבד | L32: כן | M32: דיגיטלי | N32: https://www.gov.il/he/service/announce-labor-dispute | O32: 9 | P32: 0 | Q32: 0 | R32: 9
A33: 5891 | B33: משרד העבודה | C33: דיווח על שינוי בהוצאות שכר העובדים של קבלני שירות, קבלני כח אדם וכן קבלני כח אדם, בעלי היתר מיוחד להעסקת עגורנאי צריח | D33: שירות זה מאפשר לקבלני שירות ולקבלני כוח אדם, להגיש דיווח למשרד העבודה על שינוי בהוצאות שכר העובדים שלהם.מסמכים נדרשים: טפסי 102, טבלת ריכוז תביעות | F33: מינהל הסדרה ואכיפת חוקי עבודה | G33: עסקי-מקצועי | H33: עסקי - חברות - כלל העסקים, | I33: דיווח מידע | J33: פעיל | K33: תאגיד בלבד | L33: כן | M33: דיגיטלי, דוא"ל | N33: https://www.gov.il/he/service/contractors-report-wages-change | O33: 55 | P33: 0 | Q33: 0 | R33: 55 | W33: דיווח על שינוי בהוצאות שכר העובדים של קבלני שירות, קבלני כח אדם וכן קבלני כח אדם, בעלי היתר מיוחד להעסקת עגורנאי צריח
A34: 5892 | B34: משרד העבודה | C34: BOOST – בקשה למלגה חודשית ללומדים בהכשרה מקצועית ו/או תעסוקתית | D34: שירות זה מאפשר ללומדים בהכשרה מקצועית ו/או תעסוקתית, שאינם זכאים לדמי אבטלה, לבדוק זכאות למלגה חודשית ולהגיש את הבקשה עבורה.מסמכים נדרשים: תצהיר הורה עצמאי(נספח ט'), אישור השתתפות(נספח ד/ה''), שיוך אוכלוסיית יעד (נספח ז'), ת"ז(משרד הפנים), מערכת שעות(מכללה), פרטי חשבון(בנק), אישור שירות מילואים 3010 (צה"ל) | F34: הכשרה מקצועית | G34: פרטי | H34: פרטי - אוכלוסייה כללית, | I34: סיוע כלכלי וקצבאות | J34: פעיל | K34: יחיד ותאגיד | L34: כן | M34: דיגיטלי | N34: https://www.gov.il/he/service/boost-monthly-scholarship | O34: 108 | P34: 0 | Q34: 0 | R34: 108 | W34: BOOST – בקשה למלגה חודשית ללומדים בהכשרה מקצועית ו/או תעסוקתית, אישור רישום
A35: 5893 | B35: משרד העבודה | C35: אישור הגעה לבחינות רישוי בהנדסה אזרחית-מבנים ואדריכלות | D35: שירות זה מאפשר למלא טופס אישור הגעה לבחינת רישוי למהנדסים ולאדריכלים. | F35: אגף בכיר אסדרת עיסוקים | G35: פרטי | H35: פרטי - אוכלוסייה כללית, | I35: דיווח מידע | J35: פעיל | K35: יחיד ותאגיד | L35: כן | M35: דיגיטלי | N35: https://www.gov.il/he/service/examination-approval-confirmation-engineer | O35: 665 | P35: 0 | Q35: 0 | R35: 665
A36: 5894 | B36: משרד העבודה | C36: בקשה לאישור מגמת לימוד חדשה להכשרה מקצועית | D36: שירות זה מאפשר להגיש באופן מקוון, בקשה לקבלת אישור על הקמת מגמה חדשה ללימוד מקצועי. | F36: הכשרה מקצועית | G36: עסקי ופרטי | H36: כלל קהלי היעד, | I36: רישוי, רישום ותעודות | J36: פעיל | K36: יחיד ותאגיד | L36: כן | M36: דיגיטלי | N36: https://www.gov.il/he/service/approve-new-vocational-study-course | O36: 50 | P36: 0 | Q36: 0 | R36: 50 | W36: אסמכתא לבקשה מגמת לימוד חדשה להכשרה מקצועית
A37: 5895 | B37: משרד העבודה | C37: בקשה לסייעת עבור ילד אלרגני | D37: הגשת בקשה למשרד העבודה והרווחה, לקבלת סייעת ו/או מימון סייעת עבור ילד אלרגני. אישור הבקשה מותנה בקבלת דרגה ובגובה הדרגה.נדרש אישור רופא אלרגיות. | F37: אגף בכיר עידוד תעסוקת הורים | G37: פרטי | H37: פרטי - הורים, | I37: סיוע כלכלי וקצבאות | J37: פעיל | K37: יחיד ותאגיד | L37: כן | M37: דיגיטלי | N37: https://www.gov.il/he/service/assistance-for-toddler-with-severe-allergy | O37: 1537 | P37: 0 | Q37: 0 | R37: 1537 | W37: אישור זכאות לסייעת עבור ילד עם אלרגיה
A38: 5896 | B38: משרד העבודה | C38: בקשה לאישור מינוי ממונה על הבטיחות במקום העבודה | D38: שירות זה מאפשר למעסיקים להגיש בקשה לאישור מינוי ממונה על הבטיחות. | F38: מינהל הבטיחות והבריאות התעסוקתית | G38: עסקי-מקצועי | H38: עסקי - מעסיקים, | I38: דיווח מידע | J38: פעיל | K38: תאגיד בלבד | L38: כן | M38: דואר, פקס, טלפון, סניפים, דיגיטלי, דוא"ל | N38: https://www.gov.il/he/service/safety-officer-appointment | O38: 712 | P38: 0 | Q38: 0 | R38: 712 | W38: סטטוס בקשה לאישור מינוי ממונה על הבטיחות במקום העבודה
A39: 5897 | B39: משרד העבודה | C39: בקשה להחזר דמי בחינות | D39: בקשה להחזר אגרת בחינות ששולמה על ידי סטודנטים (דרך המכללה) שלא נבחנו מהסיבות שצוינו בחוזר מנהל מה"ט (המכון הממשלתי להכשרה בטכנולוגיה ובמדע). יש להכניס אצעי תשלום להחזר הכספי. | F39: הכשרה מקצועית | G39: פרטי | H39: פרטי - אוכלוסייה כללית, | I39: בקשת מידע | J39: פעיל | K39: יחיד ותאגיד | L39: כן | M39: דיגיטלי, דוא"ל | N39: https://www.gov.il/he/service/pay-for-vocational-government-exams | O39: 400 | P39: 0 | Q39: 0 | R39: 400
A40: 5898 | B40: משרד העבודה | C40: בקשה להיתר העסקה חריגה של עובדי קבלן כוח אדם מעל ל-9 חודשים | D40: שירות זה מאפשר לקבלני כוח אדם, להגיש בקשה להעסקה חריגה של עובדים מעל לתקופה של 9 חודשים. | F40: מינהל הסדרה ואכיפת חוקי עבודה | G40: עסקי-מקצועי | H40: עסקי - חברות - כלל העסקים, | I40: בקשת מידע | J40: פעיל | K40: תאגיד בלבד | L40: כן | M40: דיגיטלי, דוא"ל | N40: https://www.gov.il/he/service/employment-of-manpower-contractor-workers-over-9-months | O40: 248 | P40: 0 | Q40: 0 | R40: 248 | W40: טופס התחייבות לקליטת העובדים על-ידי מעסיקים בפועל
A41: 5899 | B41: משרד העבודה | C41: בקשה להיתר הפעלת טרקטור ללא מסגרת בטיחות | D41: שירות זה מאפשר להגיש בקשה להיתר הפעלת טרקטור ללא מסגרת בטיחות. סטטוס הבקשה מתועד במערכת. | F41: מינהל הבטיחות והבריאות התעסוקתית | G41: עסקי-מקצועי | H41: עסקי - חקלאים, עסקי - מעסיקים, | I41: רישוי, רישום ותעודות | J41: פעיל | K41: יחיד ותאגיד | L41: לא | M41: דיגיטלי | N41: https://www.gov.il/he/service/tractor-operating-permit-without-safety-frame | O41: 5 | P41: 0 | Q41: 0 | R41: 5 | W41: היתר להפעלת טרקטור ללא מסגרת בטיחות
A42: 5902 | B42: משרד העבודה | C42: בקשה להיתר להעסקת ילדים בהופעות או בפרסומות | D42: שירות זה מאפשר לאדם או לתאגיד, להגיש בקשה לקבלת היתר לשמש כמתווכים (סוכנים) להעסקת ילדים בהופעות, בפרסומות, בצילומים ועוד.היקף שימוש 5500 כולל בקשה להעסקת בני נוער בשעות הלילה - טופס מקוון נמצא בתהליכי פיתוח | F42: מינהל הסדרה ואכיפת חוקי עבודה | G42: עסקי-מקצועי | H42: עסקי - חברות - כלל העסקים, | I42: רישוי, רישום ותעודות | J42: פעיל | K42: יחיד ותאגיד | L42: כן | M42: דיגיטלי, דוא"ל | N42: https://www.gov.il/he/service/children-employment-agency-permission-request | O42: 5550 | P42: 0 | Q42: 0 | R42: 5550 | W42: בקשה להיתר תיווך העסקת ילדים בהופעות או בפרסומות - הצהרה על הסכמה לקבלת מידע פלילי.
A43: 5903 | B43: משרד העבודה | C43: בקשה להיתר פיטורים או לפגיעה בהיקף משרה או הכנסה של עובד/ת, לפי חוק עבודת נשים | D43: שירות זה מאפשר למעסיקים להגיש בקשה לפיטורים, פגיעה בהיקף משרה או פגיעה בהכנסה של עובדות ועובדים, במקרים שבהם יש הגבלה על פיטורים או פגיעה בהכנסה לפי חוק עבודת נשים (בתקופת היריון, אחרי לידה, במהלך תקופת ההנקה, במהלך טיפולי פוריות, ובמהלך תקופת שהות במקלט לנשים מוכות). | F43: מינהל הסדרה ואכיפת חוקי עבודה | G43: עסקי-מקצועי | H43: עסקי - חברות - כלל העסקים, | I43: דיווח מידע | J43: פעיל | K43: תאגיד בלבד | L43: כן | M43: דיגיטלי, דוא"ל | N43: https://www.gov.il/he/service/workers-dismissal-due-to-women-employment-law | O43: 2247 | P43: 0 | Q43: 0 | R43: 2247 | W43: בקשה להיתר פיטורים או לפגיעה בהיקף משרה או הכנסה של עובד/ת, לפי חוק עבודת נשים - טופס בקשה
A44: 5904 | B44: משרד העבודה | C44: בקשה להיתר תיווך העסקת ילדים בהופעות או בפרסומות | D44: שירות זה מאפשר לאדם או לתאגיד, להגיש בקשה לקבלת היתר לשמש כמתווכים (סוכנים) להעסקת ילדים בהופעות, בפרסומות, בצילומים ועוד. | F44: מינהל הסדרה ואכיפת חוקי עבודה | G44: עסקי-מקצועי | H44: עסקי - חברות - כלל העסקים, | I44: דיווח מידע | J44: פעיל | K44: יחיד ותאגיד | L44: כן | M44: דיגיטלי, דוא"ל | N44: https://www.gov.il/he/service/children-employment-agency-permission-request | O44: 3438 | P44: 0 | Q44: 0 | R44: 3438 | W44: בקשה להיתר תיווך העסקת ילדים בהופעות או בפרסומות
A45: 5905 | B45: משרד העבודה | C45: בקשה להכרה של האגף להכשרה מקצועית בלימודי הכשרה מקצועית במכללות | D45: שירות זה מספק מידע ומאפשר למכללות המעוניינות בכך להגיש בקשה להכרה של האגף, לצורך קיום לימודי הכשרה מקצועית בפיקוח, במגמות הלימוד שנכללות ברשימת מגמות הלימוד המפוקחות.מסמכים נדרשים: טופס סקר בטיחות מבנה, אישור עורך דין על זכויות שימוש בנכס, אישור מורשי חתימה חתום על ידי עורך דין או רואה חשבון בלבד. תעודת ישות משפטית (תאגיד, עמותה או עוסק מורשה), מנהל המוסד – נא לצרף קורות חיים ותעודות השכלה, דרישות פיננסיות – נא לצרף דוחות כספיים המבוקרים, רכז המקצועי פדגוגי – יש לצרף קורות חיים ותעודות השכלה.כתב הצהרה והתחייבות ממוסד הכשרה המבקש הכרה ,כתב הצהרה והתחייבות בדבר קיום ביטוחים, בקשה לשימוש באתר מעשי מחוץ לשטח אתר הלימודים הראשי, כתב הצהרה והתחייבות לשימוש באתר מעשי מחוץ לשטח אתר הלימודים הראשי, כתב הסכמה של מוסד הכשרה לפרסום מידע מזוהה על אודותיו בקשר עם מתן שירות, ניסיון המוסד בכתובת המבוקשת - נא לציין בטופס הבקשה המקוון או להגיש הצהרה בהתאם לדרישות הנוהל. | F45: הכשרה מקצועית | G45: עסקי-מקצועי | H45: עסקי - חברות - כלל העסקים, | I45: רישוי, רישום ותעודות | J45: פעיל | K45: יחיד ותאגיד | L45: כן | M45: דיגיטלי | N45: https://www.gov.il/he/service/ognition-training-studies-in-colleges | O45: 300 | P45: 0 | Q45: 0 | R45: 300 | W45: אסמכתא למעקב אחר בקשה להכרה של האגף להכשרה מקצועית בלימודי הכשרה מקצועית במכללות
A46: 5906 | B46: משרד העבודה | C46: בקשה להפחתת גובה עיצום כספי | D46: שירות זה מאפשר למעסיקים, שהוטלו עליהם עיצומים כספיים בעקבות הפרה של חוקי עבודה, להגיש בקשה להפחתת סכום העיצום הכספי. | F46: מינהל הסדרה ואכיפת חוקי עבודה | G46: עסקי-מקצועי | H46: עסקי - חברות - כלל העסקים, | I46: תשלומים | J46: פעיל | K46: יחיד ותאגיד | L46: כן | M46: דוא"ל | N46: https://www.gov.il/he/service/reduction-of-work-rights-monetary-penalties | O46: 700 | P46: 0 | Q46: 0 | R46: 700 | W46: בקשה להפחתת גובה עיצום כספי
A47: 5908 | B47: משרד העבודה | C47: בקשה להשתתפות המדינה במימון התאמות במקום העבודה, לעובדים עם מוגבלות | D47: שירות המאפשר למעסיקים של עובדים עם מוגבלות להגיש בקשה להשתתפות המדינה במימון עלויות של התאמות שביצעו עבור עובדים. התאמה היא התוספת, השינוי או האביזר הנדרשים עבור עובדים עם מוגבלות, מעבר לנדרש לחבריהם לעבודה ללא מוגבלות. ההתאמה ניתנת כדי שיוכלו לתפקד באופן יומיומי במקום העבודה ככל העובדים.מסמכים נדרשים: - מסמך המעיד על סוג המוגבלות של העובדים.- תלוש שכר אחרון של העובדים עם המוגבלות: של החודש שקדם להגשת הבקשה, או של החודש בו הוגשה הבקשה.- שלוש הצעות מחיר לרכישת ההתאמה ולהתקנתה או לביצועה.- קבלות עבור ביצוע ההתאמה, אם כבר בוצעה.- בהגשת בקשה להשתתפות במימון ליווי והדרכה מתמשכים נדרש להגיש גם תלושי שכר של שלושת חודשי העבודה שקדמו להגשת הבקשה, של העובדים המעניקים את הליווי וההדרכה המקצועיים (כמפורט בטופס הבקשה) | F47: מינהל תעסוקת אוכלוסיות | G47: עסקי-מקצועי | H47: עסקי - מעסיקים, | I47: סיוע כלכלי וקצבאות | J47: פעיל | K47: יחיד ותאגיד | L47: כן | M47: דיגיטלי | N47: https://www.gov.il/he/service/applying-for-state-participation-funding-accommodations-workplace-disabled-workers | O47: 44 | P47: 0 | Q47: 0 | R47: 44
A48: 5909 | B48: משרד העבודה | C48: בקשה לחידוש רישיון לשכה פרטית לתיווך עובדים ישראלים | D48: שירות זה מאפשר לבעלי רישיון ללשכה פרטית לתיווך עובדים ישראלים להגיש בקשה לחידוש הרישיון. | F48: מינהל הסדרה ואכיפת חוקי עבודה | G48: עסקי-מקצועי | H48: עסקי - חברות - כלל העסקים, | I48: רישוי, רישום ותעודות | J48: פעיל | K48: יחיד ותאגיד | L48: כן | M48: דוא"ל | N48: https://www.gov.il/he/service/private-bureau-license-renewal | O48: 257 | P48: 0 | Q48: 0 | R48: 257 | W48: בקשה לחידוש רישיון לשכה פרטית לתיווך עובדים ישראלים
A49: 5910 | B49: משרד העבודה | C49: בקשה לקביעת שכר מינימום מותאם, לעובדים עם מוגבלות בעלי יכולת עבודה מופחתת | D49: שירות זה מאפשר לאנשים עם מוגבלות, בעלי יכולת עבודה מופחתת בתפקיד שהם מבצעים או אמורים לבצע במקום העבודה, להגיש בקשה לקביעת שכר עבודה המותאם ליכולת עבודתם בפועל.מסמכים נדרשים:- אישור מגורם מוסמך המעיד על סוג המוגבלות – לדוגמה אישור רפואי זמין, מסמך אבחון, אישור זכאות לשירותי סל שיקום, אישור רכישת שירותי שיקום מטעם משרד ממשלתי ועוד.- צו מינוי אפוטרופוס מבית משפט או ייפוי כוח במידת הצורך:ייפוי הכוח יידרש כשמגישי הבקשה אינם העובדים עם המוגבלות, אלא אדם אחר מטעמם.ייפוי הכוח יהיה חתום על ידי מייפי הכוח או אפוטרופוס חוקי שלהם (בצירוף מסמך על מינוי אפוטרופוס).- תלושי שכר של העובדים שעבורם מוגשת הבקשה.- אם טרם הופקו תלושי שכר לעובדים, יש לצרף אישור המעסיקים ובו:פרטי מקום העבודה (שם, כתובת, מספר מזהה – חברה פרטית (ח.פ), תיק ניכויים, עוסק מורשה עמותה רשומה (ע"ר) ואחרים).פרטי העובדים (שם ומספר זהות).הצהרה כי העובדים מועסקים במקום זה ביחסי עבודה.חתימת המעסיקים או מייצג שלהם, שם ותפקיד של החתום ותאריך. | F49: מינהל תעסוקת אוכלוסיות | G49: פרטי | H49: פרטי - אנשים עם מוגבלות, | I49: סיוע כלכלי וקצבאות | J49: פעיל | K49: תאגיד בלבד | L49: כן | M49: דיגיטלי | N49: https://www.gov.il/he/service/adjusted-minimum-wage-for-employees-with-disabilities-with-reduced-work-capacity | O49: 1048 | P49: 0 | Q49: 0 | R49: 1048
A50: 5922 | B50: משרד העבודה | C50: בקשה לקבלת אישור הכרה על ימי השתלמות בבטיחות ובבריאות תעסוקתית | D50: השירות מאפשר למוסדות הדרכה להגיש בקשה למינהל הבטיחות לקבלת אישור הכרה בימי השתלמות לצורך חידוש אישור הכשירות של ממונה על בטיחות.בסיום התהליך יתקבל סטטוס הבקשה, אישור או דחייה. | F50: מינהל הבטיחות והבריאות התעסוקתית | G50: עסקי-מקצועי | H50: מוסדות אקדמיים, | I50: דיווח מידע | J50: פעיל | K50: תאגיד בלבד | L50: כן | M50: דיגיטלי | N50: https://www.gov.il/he/service/certificate-of-recognition-for-training-days-for-renewal-of-competency-certification | O50: 10254 | P50: 0 | Q50: 0 | R50: 10254
A51: 5923 | B51: משרד העבודה | C51: בקשה לקבלת אישור להדריך מנהלי עבודה ועובדי תחזוקה | D51: שירות זה מאפשר לממונים על הבטיחות, להגיש בקשה לקבלת אישור להדריך מנהלי עבודה ועובדי תחזוקה. סטטוס הבקשה יתעדכן במערכת. | F51: מינהל הבטיחות והבריאות התעסוקתית | G51: עסקי-מקצועי | H51: עסקי - בעלי מקצוע, | I51: רישוי, רישום ותעודות | J51: פעיל | K51: תאגיד בלבד | L51: כן | M51: דואר, פקס, טלפון, סניפים, דיגיטלי, דוא"ל | N51: https://www.gov.il/he/service/approval-to-instruct-foremen-and-maintenance-workers-safety-issues | O51: 294 | P51: 0 | Q51: 0 | R51: 294 | W51: אישור להדריך מנהלי עבודה ועובדי תחזוקה
A52: 5924 | B52: משרד העבודה | C52: בקשה לקבלת היתר להפעלת זיקוקין די-נור | D52: שירות זה מאפשר למפעילים מוסמכים להגיש בקשה מקוונת לקבלת היתר להפעלת זיקוקין די-נור. סטטוס הבקשה יתעדכן במערכת. | F52: מינהל הבטיחות והבריאות התעסוקתית | G52: עסקי-מקצועי | H52: עסקי - בעלי מקצוע, | I52: רישוי, רישום ותעודות | J52: פעיל | K52: תאגיד בלבד | L52: לא | M52: טרם עודכן | N52: https://www.gov.il/he/service/applying-for-license-for-fireworks | O52: 1 | P52: 0 | Q52: 0 | R52: 1 | W52: היתר להפעלת זיקוקין די-נור
A53: 5925 | B53: משרד העבודה | C53: רישום מורשה לנגישות השירות לאנשים עם מוגבלות בפנקס מורשים | D53: שירות זה מאפשר להירשם כמורשי נגישות השירות לאנשים עם מוגבלות. | F53: אגף בכיר אסדרת עיסוקים | G53: פרטי | H53: פרטי - אוכלוסייה כללית, | I53: רישוי, רישום ותעודות | J53: פעיל | K53: יחיד ותאגיד | L53: לא | M53: דיגיטלי | N53: https://www.gov.il/he/service/authorized-registration-for-service-accessibility-for-people-with-disabilities?trigger=sugg | O53: 72 | P53: 0 | Q53: 0 | R53: 72
A54: 5926 | B54: משרד העבודה | C54: בקשה לרישיון להפעלת לשכה פרטית לתיווך עובדים ישראלים | D54: שירות זה מאפשר לאדם או לחברה המעוניינים להפעיל לשכה פרטית לתיווך עובדים ישראלים, להגיש בקשה לרישיון מטעם המשרד. | F54: מינהל הסדרה ואכיפת חוקי עבודה | G54: עסקי-מקצועי | H54: עסקי - חברות - כלל העסקים, | I54: רישוי, רישום ותעודות | J54: פעיל | K54: יחיד ותאגיד | L54: כן | M54: דוא"ל | N54: https://www.gov.il/he/service/private-bureau-license-request | O54: 181 | P54: 0 | Q54: 0 | R54: 181 | W54: בקשה לרישיון להפעלת לשכה פרטית לתיווך עובדים ישראלים
A55: 5927 | B55: משרד העבודה | C55: בקשה לרישיון קבלן כוח אדם או קבלן שירות בתחומים שמירה, אבטחה וניקיון | D55: שירות זה מאפשר למי שמעוניינים לעסוק כקבלני כוח אדם או כקבלני שירות, להגיש בקשה לרישיון מטעם משרד העבודה.מסמכים נדרשים: תעודת התאגדות/תעודת עוסק מורשה/תעודת עוסק פטור, לחברות שמירה ואבטחה - יש לצרף רישיון תאגיד שמירה בתוקף, טופס תקופת העסקה | F55: מינהל הסדרה ואכיפת חוקי עבודה | G55: עסקי-מקצועי | H55: עסקי - חברות - כלל העסקים, | I55: רישוי, רישום ותעודות | J55: פעיל | K55: יחיד ותאגיד | L55: כן | M55: דיגיטלי | N55: https://www.gov.il/he/service/manpower-contractor-license-request | O55: 750 | P55: 0 | Q55: 0 | R55: 750 | W55: רישיון קבלן כוח אדם או קבלן שירות בתחומים שמירה, אבטחה וניקיון
A56: 5928 | B56: משרד העבודה | C56: בקשה מקוונת לשחרור משירות מילואים מיוחד (ולת"מ – שמ"מ) | D56: שירות זה מאפשר להגיש באופן מקוון בקשת ולת"מ – שחרור משירות מילואים בזמן חירום (צו 8), בשל חיוניות העובד. | F56: שעת חירום | G56: עסקי-מקצועי | H56: עסקי - חברות - כלל העסקים, | I56: בקשת מידע | J56: פעיל | K56: יחיד ותאגיד | L56: כן | M56: דיגיטלי | N56: https://www.gov.il/he/service/release-from-special-reserve-duty | O56: 1326 | P56: 0 | Q56: 0 | R56: 1326
A57: 5929 | B57: משרד העבודה | C57: בקשת אישור למניעת סירוב עובדים לעבוד במנוחה שבועית | D57: שירות זה מאפשר למעסיקים להגיש לוועדת השרים, בקשה לאישור מניעת סירוב של עובדים לעבוד במנוחה השבועית, במקרים שלא קשורים לקיום מצוות שבדת. | F57: מינהל הסדרה ואכיפת חוקי עבודה | G57: עסקי-מקצועי | I57: בקשת מידע | J57: פעיל | K57: תאגיד בלבד | L57: כן | M57: דוא"ל | N57: https://www.gov.il/he/service/approval-prevention-refuse-weekend-work | O57: 26 | P57: 0 | Q57: 0 | R57: 26 | W57: אישור למניעת סירוב עובדים לעבוד במנוחה שבועית
A58: 5930 | B58: משרד העבודה | C58: דיווח על השתתפות בימי השתלמות לצורך שימור הכשירות המקצועית | D58: שירות זה מאפשר לדווח על השתתפות ב-12 ימי השתלמות בתקופה של שלוש שנים, לצורך חידוש אישור כשירות.אישור כשירות אם מילא את המיכסה. ללא אסמכתא. | F58: מינהל הבטיחות והבריאות התעסוקתית | G58: פרטי | H58: פרטי - אוכלוסייה כללית, | I58: דיווח מידע | J58: פעיל | K58: יחיד ותאגיד | L58: כן | M58: דיגיטלי | N58: https://www.gov.il/he/service/report-safety-appointee-courses | O58: 10254 | P58: 0 | Q58: 0 | R58: 10254
A59: 5931 | B59: משרד העבודה | C59: דיווח על התנהלות חריגה במשפחתון | D59: דיווח על התנהלות חריגה במשפחתון | F59: אגף בכיר עידוד תעסוקת הורים | G59: פרטי | H59: פרטי - הורים, | I59: דיווח מידע | J59: פעיל | K59: יחיד ותאגיד | L59: לא | M59: דיגיטלי | N59: https://www.gov.il/he/service/abnormal-conduct-early-childhood-educational-setting | O59: 27 | P59: 0 | Q59: 0 | R59: 27
A60: 5932 | B60: משרד העבודה | C60: דיווח על מינוי או החלפת נאמן בטיחות במקום עבודה | D60: כאן מדווחים על מינוי או החלפה של נאמני בטיחות במקום העבודה. ללא אסמכתא. מתועד במערכת. | F60: מינהל הבטיחות והבריאות התעסוקתית | G60: עסקי-מקצועי | H60: עסקי - בעלי מקצוע, עסקי - מעסיקים, | I60: דיווח מידע | J60: פעיל | K60: תאגיד בלבד | L60: לא | M60: דיגיטלי | N60: https://www.gov.il/he/service/appointment-of-workplace-safety-trustees | O60: 314 | P60: 0 | Q60: 0 | R60: 314
A61: 5933 | B61: משרד העבודה | C61: דיווח על תאונה במשפחתון | D61: שירות זה מאפשר להגיש דיווח על תאונה שקרתה במשפחתון בעל סמל של משרד העבודה. משפחתון הנה מסגרת של עד 5 פעוטות (כולל). עבור מסגרת מ- 7 ילדים ומעלה, יש לדווח באתר משרד החינוך. | F61: אגף בכיר עידוד תעסוקת הורים | G61: עסקי-מקצועי | I61: דיווח מידע | J61: פעיל | K61: יחיד ותאגיד | L61: לא | M61: דיגיטלי | N61: https://www.gov.il/he/service/daycare-accident-reporting | O61: 14 | P61: 0 | Q61: 0 | R61: 14
A62: 5934 | B62: משרד העבודה | C62: דיווח על תאונת עבודה | D62: שירות זה מאפשר, באופן מקוון ומכל מקום, לדווח על התרחשותה של תאונת עבודה. הדיווח כולל פרטים על התאונה, חומרתה, הגורמים לה ופרטי הנפגע. | F62: מינהל הבטיחות והבריאות התעסוקתית | G62: עסקי-מקצועי | H62: עסקי - חברות - כלל העסקים, | I62: דיווח מידע | J62: פעיל | K62: יחיד ותאגיד | L62: כן | M62: דיגיטלי | N62: https://www.gov.il/he/service/report-of-a-work-accident | O62: 4281 | P62: 0 | Q62: 0 | R62: 4281 | W62: אישור דיווח על תאונת עבודה
A63: 5935 | B63: משרד העבודה | C63: דיווחי ועדת בטיחות במקומות עבודה | D63: שירות זה מאפשר לדווח על הקמה, שינוי ופעילות של ועדת בטיחות במקומות העבודה.ללא אסמכתא. מתועד במערכת. | F63: מינהל הבטיחות והבריאות התעסוקתית | G63: עסקי-מקצועי | H63: עסקי - מעסיקים, | I63: דיווח מידע | J63: פעיל | K63: תאגיד בלבד | L63: כן | M63: דיגיטלי | N63: https://www.gov.il/he/service/workplace-safety-committee-report | O63: 2141 | P63: 0 | Q63: 0 | R63: 2141
A64: 5938 | B64: משרד העבודה | C64: הגשת בקשה לקבלת סמל ארגון לגוף המפעיל מסגרות יום לילדים | D64: שירות זה מאפשר לגוף המפעיל או המעוניין להפעיל מסגרות יום לילדים (מעונות יום), להגיש בקשה לקבלת הכרה (סמל ארגון) מטעם משרד העבודה. | F64: אגף בכיר עידוד תעסוקת הורים | G64: עסקי-מקצועי | I64: רישוי, רישום ותעודות | J64: פעיל | K64: תאגיד בלבד | L64: כן | M64: דיגיטלי, דוא"ל | N64: https://www.gov.il/he/service/application-for-recognition-as-a-day-care-center-operating-organization | O64: 40 | P64: 0 | Q64: 0 | R64: 40 | W64: אישור קבלת סמל ארגון לגוף המפעיל מסגרות יום לילדים
A65: 5939 | B65: משרד העבודה | C65: הגשת בקשה לקבלת סמל משפחתון | D65: השירות מאפשר להגיש בקשה להכרה של משרד העבודה במשפחתון. מסמכים נדרשים:ת"זחתימות על הצהרות של המשרדתעודות השכלה שונות | F65: אגף בכיר עידוד תעסוקת הורים | G65: עסקי-מקצועי | H65: עסקי - חברות - כלל העסקים, | I65: רישוי, רישום ותעודות | J65: פעיל | K65: יחיד ותאגיד | L65: כן | M65: דיגיטלי | N65: https://www.gov.il/he/service/request-recognition-home-nursery | O65: 474 | P65: 0 | Q65: 0 | R65: 474
A66: 5940 | B66: משרד העבודה | C66: הודעה על פעולות בנייה ומינוי (או החלפת) מנהל עבודה באתר | D66: השירות מאפשר למבצע בנייה להודיע למינהל הבטיחות והבריאות התעסוקתית על ביצוע עבודות הבנייה, וכן על מינוי או החלפה של מנהל עבודה.אסמכתא מונפקת: אישור על שליחת הודעה (עותק), מנפק ע"י טופס מקוון | F66: מינהל הבטיחות והבריאות התעסוקתית | G66: עסקי-מקצועי | H66: עסקי - בעלי מקצוע, עסקי - מעסיקים, | I66: דיווח מידע | J66: פעיל | K66: תאגיד בלבד | L66: כן | M66: דיגיטלי | N66: https://www.gov.il/he/service/construction-actions | O66: 15032 | P66: 0 | Q66: 0 | R66: 15032
A67: 5941 | B67: משרד העבודה | C67: הודעה על שביתה או השבתה | D67: השירות מאפשר לצד לסכסוך העבודה להודיע לצד השני על שביתה או השבתה, וכן לממונה על יחסי עבודה, 15 יום לפני תחילתן._x000D_ _x000D_ מסמכים נדרשים: הודעה חתומה על שביתה או השבתה או בטופס דיגטלי https://govforms.gov.il/mw/forms/LaborStrike@labor.gov.il?gbxid=1 | F67: יחסי עבודה | G67: עסקי-מקצועי | H67: עסקי - חברות - כלל העסקים, | I67: דיווח מידע | J67: פעיל | K67: תאגיד בלבד | L67: לא | M67: דיגיטלי | N67: https://www.gov.il/he/service/notice-strike-or-shutdown | O67: 5 | P67: 0 | Q67: 0 | R67: 5
A68: 5943 | B68: משרד העבודה | C68: הגשת דו"ח התמחות באדריכלות והנדסה אזרחית - מבנים | D68: שירות זה מאפשר לאדריכלים ולהנדסאים להגיש דוח המפרט את פרטי ההתמחות שלהם. מסמכים נדרשים: כתב התחייבות מאמן, אישורי היעדרות (במידת הצורך) | F68: אגף בכיר אסדרת עיסוקים | G68: פרטי | H68: פרטי - אוכלוסייה כללית, | I68: רישוי, רישום ותעודות | J68: פעיל | K68: יחיד ותאגיד | L68: לא | M68: דיגיטלי | N68: https://www.gov.il/he/service/periodic-report-accounting-intern-or-student-architecture-or-structural-engineering-new | O68: 2122 | P68: 0 | Q68: 0 | R68: 2122 | W68: אישור דיווח תקופתי על התמחות באדריכלות\ הנדסה אזרחית
A69: 5944 | B69: משרד העבודה | C69: הגשת מועמדות לוועדת קבלה לקורסי מנהלי עבודה | D69: שירות זה מאפשר למועמדים לקורסים במקצועות: מנהלי עבודה בבניין ובנייה הנדסית ומנהלי עבודה עפר תשתיות ופיתוח, להגיש מועמדות לוועדת קבלה.מסמכים נדרשים: צילום תעודת זהות וספח. העתק של תעודות רישום בפנקס הקבלנים. תצהיר על תקופות העסקה בחברות בנייה. אישור תקופות ביטוח ומעסיקים (מהביטוח לאומי), המוכיח שהמועמדים עבדו בתחום הבניין, בהתאם לשנות הוותק הנדרשות: מנהלי עבודה בבניין ובנייה הנדסית - 36 חודשים. מועמדים בעלי תעודת מקצוע סוג 3 בטפסנות - 24 חודשים. מנהלי עבודה עפר, תשתיות ופיתוח - 60 חודשים. אישורים או תעודות השכלה, יש להגיש אחד מהאישורים הבאים: תעודת גמר של בית הספר המעידה על 12 שנות לימוד. תעודת בגרות או תעודת הנדסאי. אישור סיום לימודים בחוץ לארץ ממוסד המוכר על ידי האגף לחינוך מבוגרים ממשרד החינוך, באישור צריכה להופיע רמת ההשכלה. עצמאים - תצהיר על תקופות העסקה בחברות בנייה, בחתימת רואה חשבון. אישור רואה חשבון או יועץ מס - על ניהול ספרים במקצועות הבנייה. אישור ממס הכנסה - על ניכוי מס עבור עבודות בנייה (טפסנות, ברזלנות או בנאות).תעודת גמר בתי ספר לנוער - בפיקוח האגף להכשרה מקצועית במשרד העבודה, הרווחה והשירותים החברתיים. מנהלי עבודה בבניין - תעודה בתוקף המעידה שהמועמדים עברו קורס הדרכה לעבודה בגובה. | F69: הכשרה מקצועית | G69: עסקי ופרטי | H69: כלל קהלי היעד, | I69: רישוי, רישום ותעודות | J69: פעיל | K69: יחיד ותאגיד | L69: כן | M69: דיגיטלי | N69: https://www.gov.il/he/service/construction-work-manager-course-admissions-committee | O69: 1229 | P69: 0 | Q69: 0 | R69: 1229 | W69: אסמכתא להגשת מועמדות לוועדת קבלה לקורסי מנהלי עבודה
A70: 5945 | B70: משרד העבודה | C70: הגשת ערעור או הערות על בחינות מטעם האגף להכשרה מקצועית | D70: שירות זה מאפשר לנבחנים הלומדים במוסדות לימוד לנוער ולמבוגרים, ולנבחנים חיצוניים אקסטרניים להגיש ערעור על בחינה וכן מאפשר למוסד הלימודים להגיש הערות על בחינה.מסמכים נדרשים: ערעור על שאלון הבחינה - תחום בחינות טופס דיגיטלי | F70: הכשרה מקצועית | G70: פרטי | H70: פרטי - אוכלוסייה כללית, | I70: דיווח מידע | J70: פעיל | K70: יחיד ותאגיד | L70: כן | M70: דיגיטלי | N70: https://www.gov.il/he/service/appeal-examination-form | O70: 1512 | P70: 0 | Q70: 0 | R70: 1512 | W70: מספר אסמכתא למעקב אחר ערעור על ציון בחינה של הנדסאים וטכנאים
A71: 5946 | B71: משרד העבודה | C71: הגשת ערר לוועדת הערר לעיצומים כספיים | D71: שירות זה מאפשר למעסיקים, שהוטלו עליהם עיצומים כספיים בעקבות הפרה של חוקי עבודה, להגיש בקשה לערר על החלטת הממונה.יש למלא את טופס הגשת הערר, ולהגישו עם המסמכים הנלווים בתוך 28 יום, מיום שנמסרה ההחלטה לעוררים.ניתן להגיש את הערר באחת מהאפשרויות הבאות: דואר אלקטרוני - vaadot.arar@labor.gov.ilפקס - 074-7696348 דואר רשום - לוועדת הערר לעיצומים כספיים, משרד העבודה, רחוב בנק ישראל 5 (בניין ג'נרי), תיבת דואר 39255, ירושלים 9139102חובה לקבל אישור טלפוני על הגשת הבקשה. מספרי הטלפון: 074-7696206, 074-7696208.מועד הגשת הערר הוא מועד קבלתו במשרדי הוועדה (מועד שליחת הערר בדואר רשום אינו מועד הגשתו) | F71: לשכה משפטית -ועדת הערר לעיצומים כספיים | G71: עסקי ופרטי | H71: כלל קהלי היעד, | I71: תשלומים | J71: פעיל | K71: תאגיד בלבד | L71: כן | M71: דואר, פקס, דוא"ל | N71: https://www.gov.il/he/service/work-rights-monetary-penalties-appeals | O71: 243 | P71: 0 | Q71: 0 | R71: 243 | W71: ערר לוועדת הערר לעיצומים כספיים
A72: 5947 | B72: משרד העבודה | C72: הגשת תלונה כנגד עוסקים רשומים או בעלי רישיון באגף בכיר לאסדרת עיסוקים | D72: שירות זה מאפשר להגיש תלונה כנגד עוסקים רשומים או בעלי רישיון שעיסוקם מאוסדר באגף בכיר לאסדרת עיסוקים. | F72: אגף בכיר אסדרת עיסוקים | G72: פרטי | H72: פרטי - אוכלוסייה כללית, | I72: דיווח מידע | J72: פעיל | K72: יחיד ותאגיד | L72: לא | M72: דיגיטלי | N72: https://www.gov.il/he/service/complaint-registered-dealers | O72: 117 | P72: 0 | Q72: 0 | R72: 117
A73: 5948 | B73: משרד העבודה | C73: הצהרת מנהל עבודה - הפסקת מינוי כמנהל עבודה באתר | D73: שירות זה מאפשר לדווח על הפסקת מינוי של מנהל עבודה באתר בנייה. | F73: מינהל הבטיחות והבריאות התעסוקתית | G73: עסקי-מקצועי | H73: עסקי - בעלי מקצוע, | I73: דיווח מידע | J73: פעיל | K73: תאגיד בלבד | L73: כן | M73: דיגיטלי | N73: https://www.gov.il/he/service/cancel-appointing-manager-building-site | O73: 7846 | P73: 0 | Q73: 0 | R73: 7846 | W73: הודעה על סיום מינוי כמנהל עבודה
A74: 5949 | B74: משרד העבודה | C74: ועדות קבלה במעונות יום, לשנת הלימודים תשפ"ה (ההרשמה הסתיימה) | D74: שירות זה מאפשר להורים, לבצע רישום באופן מקוון לוועדות קבלה במעונות יום המוכרים, לשנת הלימודים תשפ"ד. ניתן לצרף כל מסמך התומך בבקשה. | F74: אגף בכיר עידוד תעסוקת הורים | G74: פרטי | H74: פרטי - הורים, | I74: דיווח מידע | J74: פעיל | K74: יחיד ותאגיד | L74: כן | M74: דיגיטלי | N74: https://www.gov.il/he/service/admission-committees-daycare | O74: 31411 | P74: 0 | Q74: 0 | R74: 31411 | W74: אישור קבלה למעון
A75: 5950 | B75: משרד העבודה | C75: חידוש היתר מיוחד לפעול כקבלן כח אדם המעסיק עגורנאי צריח | D75: השירות מאפשר לקבלני כח אדם בעלי היתר להעסקת עגורנאי צריח, להגיש בקשה לחידוש ההיתר.מסמכים נדרשים: טופסי 102 | F75: מינהל הסדרה ואכיפת חוקי עבודה | G75: עסקי-מקצועי | H75: עסקי - חברות - כלל העסקים, | I75: רישוי, רישום ותעודות | J75: פעיל | K75: תאגיד בלבד | L75: כן | M75: דוא"ל | N75: https://www.gov.il/he/service/renewal-special-permit-operate-manpower-contractor-employing-turret-cranes | O75: 16 | P75: 0 | Q75: 0 | R75: 16 | W75: היתר מיוחד לפעול כקבלן כח אדם המעסיק עגורנאי צריח
A76: 5951 | B76: משרד העבודה | C76: חידוש רישיון קבלן כוח אדם או קבלן שירות בתחומי שמירה, אבטחה וניקיון | D76: שירות זה מאפשר לקבלני כוח אדם או לקבלני שירות בעלי רישיון, להגיש בקשה לחידושו. מסמכים נדרשים: טפסי 102, חברות שמירה ואבטחה – יש לצרף העתק רישיון (משרד המשפטים) | F76: מינהל הסדרה ואכיפת חוקי עבודה | G76: עסקי-מקצועי | H76: עסקי - חברות - כלל העסקים, | I76: רישוי, רישום ותעודות | J76: פעיל | K76: תאגיד בלבד | L76: כן | M76: דוא"ל | N76: https://www.gov.il/he/service/manpower-contractor-license-renewal | O76: 999 | P76: 0 | Q76: 0 | R76: 999 | W76: רישיון קבלן כוח אדם או קבלן שירות בתחומי שמירה, אבטחה וניקיון
A77: 5952 | B77: משרד העבודה | C77: טופס בקשה למינוי ממונה בטיחות לייזר | D77: השירות מאפשר למעסיקים למנות ממוני בטיחות קרינת לייזר ולשלוח בקשה לאישור מינוי רשמי והכרה על ידי משרד העבודה. | F77: מינהל הבטיחות והבריאות התעסוקתית | G77: עסקי-מקצועי | I77: דיווח מידע | J77: פעיל | K77: תאגיד בלבד | L77: לא | M77: דיגיטלי | N77: https://www.gov.il/he/service/laser-safety-commissioner | O77: 46 | P77: 0 | Q77: 0 | R77: 46 | W77: אישור/דחיית מינוי ממונה על בטיחות לייזר
A78: 5953 | B78: משרד העבודה | C78: טופס בקשה למינוי ממונה בטיחות קרינה מייננת | D78: השירות מאפשר למעסיקים למנות ממוני בטיחות קרינה מייננת ולשלוח בקשה לאישור מינוי רשמי והכרה על ידי משרד העבודה. | F78: מינהל הבטיחות והבריאות התעסוקתית | G78: עסקי-מקצועי | H78: עסקי - מעסיקים, | I78: דיווח מידע | J78: פעיל | K78: תאגיד בלבד | L78: לא | M78: דיגיטלי | N78: https://www.gov.il/he/service/radiation-safety-commissioner | O78: 115 | P78: 0 | Q78: 0 | R78: 115 | W78: סטטוס בקשת מינוי ממונה על בטיחות קרינה מיננת
A79: 5954 | B79: משרד העבודה | C79: כתב התחייבות מארגון או רשות המפעילים מעונות יום בעלי סמל מעון | D79: שירות זה מאפשר לארגון או רשות מקומית/מועצה אזורית, המפעילים מסגרות לילדים ומעוניינים בהכרה (סמל), להגיש כתב התחייבות שנתית כנדרש. שירות לא מקוון | F79: אגף בכיר עידוד תעסוקת הורים | G79: עסקי-מקצועי | H79: עסקי - חברות - כלל העסקים, | I79: רישוי, רישום ותעודות | J79: פעיל | K79: תאגיד בלבד | L79: כן | M79: דיגיטלי, דוא"ל | N79: https://www.gov.il/he/service/commitment-to-the-organization-that-operates-daycare | O79: 769 | P79: 0 | Q79: 0 | R79: 769 | W79: אישור כתב התחייבות מארגון או רשות המפעילים מעונות יום בעלי סמל מעון
A80: 5955 | B80: משרד העבודה | C80: משרד העבודה - פניות הציבור | D80: שירות זה מאפשר להגיש פנייה לאגף פניות הציבור של משרד העבודה. | F80: שירות לציבור | G80: עסקי ופרטי | H80: כלל קהלי היעד, | I80: דיווח מידע | J80: פעיל | K80: יחיד ותאגיד | L80: לא | M80: דיגיטלי | N80: https://www.gov.il/he/service/appeal-to-labor-arm-public-appeals | O80: 17358 | P80: 0 | Q80: 0 | R80: 17358
A81: 5956 | B81: משרד העבודה | C81: עדכון פרטי קשר - נותני שירותים בבטיחות ובבריאות בעבודה | D81: טופס זה מאפשר לבעלי תפקידים הרשומים במאגר נותני שירותים בבטיחות ובריאות לעדכן את הפרטים האישיים שלהם ופרטי הקשר._x000D_ _x000D_ סטטוס הבקשה יתעדכן במערכת | F81: מינהל הבטיחות והבריאות התעסוקתית | G81: עסקי-מקצועי | H81: עסקי - בעלי מקצוע, | I81: דיווח מידע | J81: פעיל | K81: תאגיד בלבד | L81: לא | M81: דיגיטלי | N81: https://www.gov.il/he/service/update-contact-information-service-providers | O81: 2464 | P81: 0 | Q81: 0 | R81: 2464
A82: 5957 | B82: משרד העבודה | C82: קבלת היתר להעסקת בני נוער בשעות הלילה | D82: שירות זה מאפשר לאדם או לתאגיד להגיש בקשה, לקבלת היתר להעסקת בני נוער מגיל 16 עד גיל 18 בשעות הלילה (עד השעה 23:00). | F82: מינהל הסדרה ואכיפת חוקי עבודה | G82: עסקי-מקצועי | H82: עסקי - חברות - כלל העסקים, | I82: רישוי, רישום ותעודות | J82: פעיל | K82: יחיד ותאגיד | L82: כן | M82: דוא"ל | N82: https://www.gov.il/he/service/permission-for-youth-employment-at-night-hours | O82: 310 | P82: 0 | Q82: 0 | R82: 310 | W82: היתר להעסקת בני נוער בשעות הלילה
A83: 5958 | B83: משרד העבודה | C83: קבלת היתר למתן שירותי כח אדם של עגורנאים | D83: שירות זה מאפשר להגיש בקשה לקבלת היתר למתן שירותי כח אדם של עגורנאים.מסמכים נדרשים: טופסי 102 | F83: מינהל הסדרה ואכיפת חוקי עבודה | G83: עסקי-מקצועי | H83: עסקי - מעסיקים, עסקי - חברה / חברה בע"מ, | I83: רישוי, רישום ותעודות | J83: פעיל | K83: יחיד ותאגיד | L83: כן | M83: דוא"ל | N83: https://www.gov.il/he/service/manpower-services-for-cranes-permit | O83: 5 | P83: 0 | Q83: 0 | R83: 5 | W83: היתר למתן שירותי כח אדם של עגורנאים
A84: 5959 | B84: משרד העבודה | C84: קבלת תוצאות וציונים של בחינות הכשרת נוער | D84: שירות זה מאפשר לתלמידים בבתי הספר המקצועיים לנוער שבפיקוח זרוע העבודה לצפות בציוני בחינות הגמר הממלכתיות._x000D_ _x000D_ המידע עבר לאיזור האישי או למערכת מוסדות ייעודית ולא ניתן להפיק כמות בקשות רק לבירור תוצאות ציונים | F84: הכשרה מקצועית | G84: פרטי | H84: פרטי - אוכלוסייה כללית, | I84: בקשת מידע | J84: פעיל | K84: יחיד ותאגיד | L84: לא | M84: דיגיטלי | N84: https://www.gov.il/he/service/professional-training-youth-exams-grades | O84: 0 | P84: 0 | Q84: 0 | R84: 0
A85: 5960 | B85: משרד העבודה | C85: קבלת תוצאות וציונים בבחינות הגמר הממלכתיות להנדסאים וטכנאים מוסמכים של המכון הממשלתי להכשרה טכנולוגית (מה"ט) | D85: שירות זה מאפשר לנבחנים להיכנס למערכת ציונט לקבלת ציוני בחינות הגמר הממלכתיות של מה"ט (המכון הממשלתי להכשרה בטכנולוגיה ומדע) להנדסאים וטכנאים מוסמכים. | F85: מה"ט | G85: פרטי | H85: פרטי - ילדים צעירים וסטודנטים, | I85: בקשת מידע | J85: פעיל | K85: יחיד ותאגיד | L85: לא | M85: דיגיטלי | N85: https://www.gov.il/he/service/technicians_and_practical_engineers_exams_grades | O85: 106531 | P85: 0 | Q85: 0 | R85: 106531
A86: 5961 | B86: משרד העבודה | C86: רישום הסכם קיבוצי | D86: השירות מאפשר להגיש בקשה לרישום הסכם קיבוצי הסכם קיבוצי חתום - ניתן בטופס דיגטלי https://www.gov.il/he/service/registration-or-cancellation-collective-agreement | F86: יחסי עבודה | G86: עסקי-מקצועי | H86: עסקי - חברות - כלל העסקים, עסקי - בעלי עסקים, עסקי - מעסיקים, | I86: דיווח מידע | J86: פעיל | K86: תאגיד בלבד | L86: כן | M86: דיגיטלי | N86: https://www.gov.il/he/service/registration-or-cancellation-collective-agreement | O86: 488 | P86: 0 | Q86: 0 | R86: 488 | W86: אישור רישום הסכם קיבוצי
A87: 6018 | B87: משרד העבודה | C87: תשלום אגרות בחינה הכשרה מקצועית | D87: השירות מאפשר תשלום מקוון (דיגיטלי) של אגרות בחינה בבחינות של האגף להכשרה מקצועית. יש להכניס אמצעי תשלום. | F87: הכשרה מקצועית | G87: עסקי-מקצועי | I87: תשלומים | J87: פעיל | K87: תאגיד בלבד | L87: לא | M87: דיגיטלי | N87: https://www.gov.il/he/service/pay-for-vocational-government-exams | O87: 68374 | P87: 0 | Q87: 0 | R87: 68374 | W87: אישור על תשלום בחינות הכשרה מקצועית
A88: 6021 | B88: משרד העבודה | C88: רישום כמאמן למתמחים באדריכלות ובהנדסת מבנים | D88: שירות זה מאפשר להגיש בקשה לרישום כמאמן למתמחים באדריכלות ובהנדסת מבנים (הנדסה אזרחית). | F88: אגף בכיר אסדרת עיסוקים | G88: פרטי | H88: פרטי - אוכלוסייה כללית, | I88: רישוי, רישום ותעודות | J88: פעיל | K88: יחיד ותאגיד | L88: כן | M88: דיגיטלי | N88: https://www.gov.il/he/service/trainer-for-interns | O88: 59 | P88: 0 | Q88: 0 | R88: 59 | W88: רישום במרשם המאמנים
A89: 6023 | B89: משרד העבודה | C89: הודעה על החלפה או על הוספה של בכירים, בחברות קבלן ובלשכות פרטיות | D89: שירות זה מספק מידע לקבלני כוח אדם, לקבלני שירות או לבעלי לשכות פרטיות, על חובתם להודיע על החלפה או על הוספה של בעלי תפקידים בכירים בחברה או בעסק. | F89: מינהל הסדרה ואכיפת חוקי עבודה | G89: עסקי-מקצועי | H89: עסקי - חברות - כלל העסקים, | I89: דיווח מידע | J89: פעיל | K89: תאגיד בלבד | L89: כן | M89: דוא"ל | N89: https://www.gov.il/he/service/contractors-report-senior-officials-change | O89: 18 | P89: 0 | Q89: 0 | R89: 18 | W89: החלפה או על הוספה של בכירים, בחברות קבלן ובלשכות פרטיות
A90: 6029 | B90: משרד העבודה | C90: אישור הגעה לבחינות רישוי למהנדסים, הנדסאים וטכנאי חשמל | D90: שירות זה מאפשר למלא טופס אישור הגעה לבחינת רישוי למהנדסים, להנדסאים ולטכנאי חשמל. | F90: אגף בכיר אסדרת עיסוקים | G90: פרטי | H90: פרטי - אוכלוסייה כללית, | I90: דיווח מידע | J90: פעיל | K90: יחיד ותאגיד | L90: לא | M90: דיגיטלי | N90: https://www.gov.il/he/service/examination-approval-confirmation-electrician | O90: 1436 | P90: 0 | Q90: 0 | R90: 1436
A91: 6030 | B91: משרד העבודה | C91: פנייה לוועדת חריגים להנחות מיוחדות בשכר לימוד | D91: הגשת בקשה לקבלת הנחה מיוחדת בהשתתפות בשכר לימוד במעון יום/משפחתון/צהרון בעל סמל. ניתן לצרף כל מסמך התומך בבקשה, הזכאות מתעדכנת במערכת. | F91: אגף בכיר עידוד תעסוקת הורים | G91: פרטי | H91: פרטי - הורים, | I91: דיווח מידע | J91: פעיל | K91: יחיד ותאגיד | L91: כן | M91: דיגיטלי | N91: https://www.gov.il/he/service/application-exceptional-committee-to-set-special-discounts-on-daycares-tuition | O91: 928 | P91: 0 | Q91: 0 | R91: 928
A92: 6031 | B92: משרד העבודה | C92: בקשת היתר להעסקת בני נוער בהופעות בשעות הלילה | D92: שירות זה מאפשר לאדם או לתאגיד, להגיש בקשה לקבלת היתר להעסקת בני נוער מעל גיל 15, בהופעות בשעות הלילה (עד השעה 24:00).היקף שימוש 5500 כולל בקשה להעסקת ילדים בשעות הלילה - טופס מקוון נמצא בתהליכי פיתוח | F92: מינהל הסדרה ואכיפת חוקי עבודה | G92: עסקי-מקצועי | H92: עסקי - חברות - כלל העסקים, | I92: בקשת מידע | J92: פעיל | K92: יחיד ותאגיד | L92: כן | M92: דוא"ל | N92: https://www.gov.il/he/service/night-performance-license-for-youth | O92: 0 | P92: 0 | Q92: 0 | R92: 0 | W92: היתר להעסקת בני נוער בהופעות בשעות הלילה
A93: 6032 | B93: משרד העבודה | C93: דיווח על העסקת עובדים בשעות נוספות על פי סעיף 10א' | D93: שירות זה מאפשר למעסיקים להגיש באופן מקוון דיווח על העסקת עובדים בשעות נוספות בהתאם לסעיף 10 א'. | F93: מינהל הסדרה ואכיפת חוקי עבודה | G93: עסקי-מקצועי | H93: עסקי - חברות - כלל העסקים, | I93: דיווח מידע | J93: פעיל | K93: תאגיד בלבד | L93: לא | M93: דיגיטלי | N93: https://www.gov.il/he/service/report-overtime-employment-due-to-unexpected-reasons | O93: 322 | P93: 0 | Q93: 0 | R93: 322 | W93: דיווח על העסקת עובדים בשעות נוספות על פי סעיף 10א'
A94: 6033 | B94: משרד העבודה | C94: הגשת בקשה להשתתפות בבחינה לתפקיד מנהל עבודה (בעל השכלה טכנאי/הנדסאי/מהנדס אזרחי עם שנתיים ניסיון בעבודות בניה) | D94: שירות זה מאפשר למועמדים בעלי השכלה וניסיון מתאים בבנייה, להגיש בקשה להשתתפות במבחן בטיחות לשם הסמכה כמנהלי עבודה. בסיום התהליך יתקבל אחד משתי החלופות:א. אישור- זימון לבחינה במייל, ב. דחייה- בקשה להשלמת מסמכים | F94: מינהל הבטיחות והבריאות התעסוקתית | G94: עסקי-מקצועי | H94: עסקי - בעלי מקצוע, | I94: דיווח מידע | J94: פעיל | K94: יחיד ותאגיד | L94: כן | M94: טרם עודכן | N94: https://www.gov.il/he/service/test-work-manager | O94: 2539 | P94: 0 | Q94: 0 | R94: 2539
A95: 6034 | B95: משרד העבודה | C95: הגשת בקשה לקבלת דרגה והשתתפות בשכר לימוד, במעונות יום ומשפחתונים | D95: שירות זה מאפשר להורים להגיש בקשה לקבלת סיוע בשכר הלימוד של ילדיהם לשנת הלימודים תשפ"ד. ניתן לצרף כל מסמך התומך בבקשה. | F95: אגף בכיר עידוד תעסוקת הורים | G95: פרטי | H95: פרטי - הורים, | I95: דיווח מידע | J95: פעיל | K95: יחיד ותאגיד | L95: כן | M95: דיגיטלי | N95: https://www.gov.il/he/service/daycare-center-parents-request-degree-of-subsidy | O95: 137280 | P95: 0 | Q95: 0 | R95: 137280 | W95: דרגת זכאות לסבסוד במעונות יום
A96: 6035 | B96: משרד העבודה | C96: ערעור על החלטת ועדת קבלה לקורס מנהלי עבודה במקצועות הבניין | D96: שירות זה מאפשר למועמדים להגיש ערעור על החלטת ועדת קבלה לקורס מנהלי עבודה במקצועות הבניין.מסמכים נדרשים: ערעור על החלטת הוועדה- טופס דיגיטלי | F96: הכשרה מקצועית | G96: פרטי | H96: פרטי - אוכלוסייה כללית, | I96: רישוי, רישום ותעודות | J96: פעיל | K96: יחיד ותאגיד | L96: כן | M96: דיגיטלי | N96: https://www.gov.il/he/service/appealing-admissions-committee-decisiona | O96: 35 | P96: 0 | Q96: 0 | R96: 35 | W96: מספר למעקב אחר ערעור על החלטת ועדת קבלה לקורס מנהלי עבודה במקצועות הבניין
A97: 6036 | B97: משרד העבודה | C97: בקשה לחידוש או הגדלת דרגת עומס או הסבה למפעילי עגורן צריח או נייד | D97: שירות זה מאפשר למוסמכים כמפעילי עגורן צריח או נייד להגיש באופן מקוון בקשות לחידוש הסמכתם או להגדלת עומס או להסבה לסוג עגורן.נדרש אישור מרופא תעסוקתי, סטטוס הבקשה יתעדכן במערכת. | F97: מינהל בטיחות ובריאות | G97: פרטי | I97: רישוי, רישום ותעודות | J97: פעיל | K97: יחיד ותאגיד | L97: כן | M97: דיגיטלי | N97: https://www.gov.il/he/service/request-for-tower-or-mobile-crane-operators | O97: 2050 | P97: 0 | Q97: 0 | R97: 2050 | W97: תעודת עגורנאי מעודכנת
A98: 6037 | B98: משרד העבודה | C98: בקשה למענק שכר לימוד לעובדי הוראה בבתי הספר המקצועיים לנוער בפיקוח האגף להכשרה מקצועית | D98: שירות זה מאפשר לעובדי הוראה בבתי הספר המקצועיים לנוער להגיש בקשה למענק שכר לימוד באופן מקוון.מסמכים נדרשים: טופס אישור מנהל בית הספר ורשת החינוך/הבעלות (נספח א'). קובץ סרוק של גיליון לימודים חתום על ידי מוסד הלימודים. אישור על גובה שכר לימוד לשנת הלימודים המבוקשת - חתום על ידי מוסד הלימודים. אישור מהמעסיק הקודם הכולל את פירוט מקום העבודה והיקף המשרה (לעובדים שחלק מארבע שנות העבודה בהוראה היו ברשת חינוך/בעלות אחרת). | F98: הכשרה מקצועית | G98: פרטי | I98: סיוע כלכלי וקצבאות | J98: פעיל | K98: יחיד ותאגיד | L98: כן | M98: דיגיטלי | N98: https://www.gov.il/he/service/grant-teaching-staff-vocational-schools | O98: 245 | P98: 0 | Q98: 0 | R98: 245 | W98: מספר למעקב אחר בקשה למענק שכר לימוד לעובדי הוראה בבתי הספר המקצועיים לנוער בפיקוח האגף להכשרה מקצועית
A99: 6039 | B99: משרד העבודה | C99: טופס הסכמת הורה להשתתפות נוער בגילאי 15-18 בהופעות דוגמנות או פרסום ותיווך להעסקה בהופעות אלו (ייצוג בסוכנויות) | D99: שירות זה מאפשר להורים של בני נוער למלא ולהגיש טופס למשרד העבודה, שיועבר גם למעסיקים או למתווכים ובו הסכמתם להשתתפות בנם או בתם בהופעות דוגמנות או בפרסום ואישורם לייצוג ילדיהם על ידי גורם מתווך (סוכנויות). | F99: מינהל הסדרה ואכיפת חוקי עבודה | G99: פרטי | H99: פרטי - הורים, | I99: דיווח מידע | J99: פעיל | K99: יחיד ותאגיד | L99: כן | M99: דיגיטלי | N99: https://www.gov.il/he/service/parental-consent-youth-participate-modeling-advertising | O99: 18 | P99: 0 | Q99: 0 | R99: 18 | W99: טופס הסכמת הורה להשתתפות נוער בגילאי 15-18 בהופעות דוגמנות או פרסום ותיווך להעסקה בהופעות אלו (ייצוג בסוכנויות)
A100: 6040 | B100: משרד העבודה | C100: בקשת היתר להוצאה לחופשה ללא תשלום בהתאם לחוק עבודת נשים, בעקבות המצב הביטחוני | D100: שירות זה מאפשר למעסיקים המבקשים להוציא לחופשה ללא תשלום בעקבות המצב הביטחוני, עובד או עובדת המוגנים בהתאם לחוק עבודת נשים, להגיש בקשה למשרד העבודה באופן מקוון. | F100: מינהל הסדרה ואכיפת חוקי עבודה | G100: עסקי-מקצועי | H100: עסקי - חברות - כלל העסקים, | I100: רישוי, רישום ותעודות | J100: פעיל | K100: תאגיד בלבד | L100: לא | M100: דיגיטלי, טרם עודכן | N100: https://www.gov.il/he/service/application-permission-unpaid-leave | O100: 866 | P100: 0 | Q100: 0 | R100: 866 | W100: בקשת היתר להוצאה לחופשה ללא תשלום בהתאם לחוק עבודת נשים, בעקבות המצב הביטחוני
...

Sheet נדרש
A1: מזהה | B1: שם השירות - משרד | C1: מזהה שירות | D1: שם השירות | E1: שם המשרד מנפק האסמכתא | F1: אסמכתא נדרשת | G1: שם השירות - סטטוס שירות

Sheet סיכום  להפצה
A1: {='שירות '!A1:A33} -> מזהה | B1: {='שירות '!B1:B33} -> משרד | C1: {='שירות '!C1:C33} -> שם השירות | D1: {='שירות '!D1:D33} -> תאור ופירוט השירות | E1: {='שירות '!E1:E33} -> תחום השירות | F1: {='שירות '!F1:F33} -> שם היחידה המקצועית מספקת השירות | G1: {='שירות '!G1:G33} -> סוג קהל יעד | H1: {='שירות '!H1:H33} -> קהל יעד | ... M1: {='שירות '!M1:M33} -> ערוצים אפשריים לקבלת שירות | N1: כתובת דף השירות באתר | O1: {='שירות '!N1:N33} -> כתובת דף השירות באתר | P1: הערכת \ היקף שימוש דיגיטלי שנתי | Q1: הערכת\ היקף שימוש פרונטלי שנתי | R1: הערכת \ היקף שימוש טלפוני שנתי | S1: הערכת\ היקף שימוש | T1: מסמכים נדרשים
A2: 648 | B2: משרד העבודה | C2: רישוי מהנדסים ואדריכלים | D2: הגשת בקשה לקבלת רישיון למהנדס או אדריכל רשום.מסמכים נדרשים: תעודה מזהה, אישור ביצוע תקופת התמחות/התנסות מקצועית, קורות חיים | F2: אגף בכיר אסדרת עיסוקים | G2: פרטי | H2: פרטי - אוכלוסייה כללית, | I2: רישוי, רישום ותעודות | J2: פעיל | K2: יחיד ותאגיד | L2: כן | M2: דיגיטלי | N2: =HYPERLINK(O1) -> כתובת דף השירות באתר | O2: https://www.gov.il/he/service/architects-licensing | P2: =IF('שירות '!O2<>"",'שירות '!O2,'שירות '!S2) -> 1069 | Q2: =IF('שירות '!P2<>"",'שירות '!P2,'שירות '!T2) -> 0 | R2: =IF('שירות '!Q2<>"",'שירות '!Q2,'שירות '!U2) -> 0 | S2: =IF('שירות '!R2<>"",'שירות '!R2,'שירות '!V2) -> 1069 | T2: {=_xlfn.TEXTJOIN(",",TRUE,_xlfn._xlws.FILTER(נדרש!F2:F500,נדרש!C2:C500=A1,""))}
A3: 652 | B3: משרד העבודה | C3: רישום מהנדסים ואדריכלים | D3: השירות מאפשר למהנדסים ואדריכלים להירשם בפנקס המהנדסים והאדריכלים, בין היתר, כתנאי לעיסוק במקצועות בעלי ייחוד פעולות בחוק ולצורך קבלת רישיון בהמשך.מסמכים נדרשים: גיליון ציונים, תעודה אקדמית (דיפלומה), אישור ביצוע מקצועות ליבה, תקציר פרויקט גמר, אישור זכאות לתואר, תעודה מזהה, תרגום נוטריוני מסמכים שאינם בעברית/אנגלית,אישורי יציאה וכניסה מ/לישראל - רשות האוכלוסין וההגירה. | F3: אגף בכיר אסדרת עיסוקים | G3: פרטי | H3: פרטי - אוכלוסייה כללית, | I3: רישוי, רישום ותעודות | J3: פעיל | K3: יחיד ותאגיד | L3: כן | M3: דיגיטלי | N3: =HYPERLINK(O2) -> https://www.gov.il/he/service/architects-licensing | O3: https://www.gov.il/he/service/registration-of-engineers-and-architects | P3: =IF('שירות '!O3<>"",'שירות '!O3,'שירות '!S3) -> 3288 | Q3: =IF('שירות '!P3<>"",'שירות '!P3,'שירות '!T3) -> 0 | R3: =IF('שירות '!Q3<>"",'שירות '!Q3,'שירות '!U3) -> 0 | S3: =IF('שירות '!R3<>"",'שירות '!R3,'שירות '!V3) -> 3288 | T3: {=_xlfn.TEXTJOIN(",",TRUE,_xlfn._xlws.FILTER(נדרש!F3:F501,נדרש!C3:C501=A2,""))}
A4: 5781 | B4: משרד העבודה | C4: השלמת מסמכים לעדכון בקשה להשתתפות המדינה בשכר לימוד במעונות יום, משפחתונים וצהרונים - עדכונט | D4: שירות זה מאפשר להשלים ולעדכן מסמכים לבקשה קיימת להשתתפות המדינה בשכר לימוד במעונות יום, משפחתונים וצהרונים.ניתן לצרף כל מסמך התומך בבקשה. | F4: אגף בכיר עידוד תעסוקת הורים | G4: פרטי | H4: פרטי - הורים, | I4: דיווח מידע | J4: פעיל | K4: יחיד ותאגיד | L4: כן | M4: דיגיטלי | N4: =HYPERLINK(O3) -> https://www.gov.il/he/service/registration-of-engineers-and-architects | O4: https://www.gov.il/he/service/document_completion_for_request_for_day_care_centers | P4: =IF('שירות '!O4<>"",'שירות '!O4,'שירות '!S4) -> 111559 | Q4: =IF('שירות '!P4<>"",'שירות '!P4,'שירות '!T4) -> 0 | R4: =IF('שירות '!Q4<>"",'שירות '!Q4,'שירות '!U4) -> 0 | S4: =IF('שירות '!R4<>"",'שירות '!R4,'שירות '!V4) -> 111559 | T4: {=_xlfn.TEXTJOIN(",",TRUE,_xlfn._xlws.FILTER(נדרש!F4:F502,נדרש!C4:C502=A3,""))}
A5: 5861 | B5: משרד העבודה | C5: הודעה על שינוי מעמד של קבלני כוח אדם או קבלני שירות | D5: שירות זה מאפשר לקבלני שירות או לקבלני כוח אדם, לדווח על שינוי מעמד מעוסק מורשה לחברה בע"מ. | F5: מינהל הסדרה ואכיפת חוקי עבודה | G5: עסקי-מקצועי | H5: עסקי - חברות - כלל העסקים, | I5: דיווח מידע | J5: פעיל | K5: תאגיד בלבד | L5: כן | M5: דיגיטלי, דוא"ל | N5: =HYPERLINK(O4) -> https://www.gov.il/he/service/document_completion_for_request_for_day_care_centers | O5: https://www.gov.il/he/service/contractors-report-company-status-change | P5: =IF('שירות '!O5<>"",'שירות '!O5,'שירות '!S5) | Q5: =IF('שירות '!P5<>"",'שירות '!P5,'שירות '!T5) -> 0 | R5: =IF('שירות '!Q5<>"",'שירות '!Q5,'שירות '!U5) -> 0 | S5: =IF('שירות '!R5<>"",'שירות '!R5,'שירות '!V5) -> 0 | T5: {=_xlfn.TEXTJOIN(",",TRUE,_xlfn._xlws.FILTER(נדרש!F5:F503,נדרש!C5:C503=A4,""))}
A6: 5862 | B6: משרד העבודה | C6: הגשת דוחות על ניצול היתר להעסקה במנוחה השבועית, בשעות נוספות, בעבודת לילה | D6: שירות זה מאפשר למעסיקים להגיש דיווח תקופתי על אופן ניצול ההיתר. | F6: מינהל הסדרה ואכיפת חוקי עבודה | G6: עסקי-מקצועי | H6: עסקי - חברות - כלל העסקים, | I6: דיווח מידע | J6: פעיל | K6: תאגיד בלבד | L6: כן | M6: דיגיטלי, דוא"ל | N6: =HYPERLINK(O5) -> https://www.gov.il/he/service/contractors-report-company-status-change | O6: https://www.gov.il/he/service/report-weekend-employment | P6: =IF('שירות '!O6<>"",'שירות '!O6,'שירות '!S6) -> 513 | Q6: =IF('שירות '!P6<>"",'שירות '!P6,'שירות '!T6) -> 0 | R6: =IF('שירות '!Q6<>"",'שירות '!Q6,'שירות '!U6) -> 0 | S6: =IF('שירות '!R6<>"",'שירות '!R6,'שירות '!V6) -> 513 | T6: {=_xlfn.TEXTJOIN(",",TRUE,_xlfn._xlws.FILTER(נדרש!F6:F504,נדרש!C6:C504=A5,""))}
A7: 5863 | B7: משרד העבודה | C7: הודעה על הוספת תחום, שינוי כתובת, הוספת סניף, החלפת ערבויות (חשבון בנק), שינוי שם חברה/עסק | D7: שירות זה מאפשר לקבלני שירות או לקבלני כוח אדם, להגיש בקשה למשרד העבודה על הוספת תחום, שינוי כתובת משרדי החברה/עסק, הוספת סניף, על החלפת ערבויות (חשבון בנק), על שינוי שם חברה/עסק. | F7: מינהל הסדרה ואכיפת חוקי עבודה | G7: עסקי-מקצועי | H7: עסקי - חברות - כלל העסקים, | I7: דיווח מידע | J7: פעיל | K7: תאגיד בלבד | L7: כן | M7: דיגיטלי, דוא"ל | N7: =HYPERLINK(O6) -> https://www.gov.il/he/service/report-weekend-employment | O7: https://www.gov.il/he/service/contractors-report-details-change | P7: =IF('שירות '!O7<>"",'שירות '!O7,'שירות '!S7) -> 190 | Q7: =IF('שירות '!P7<>"",'שירות '!P7,'שירות '!T7) -> 0 | R7: =IF('שירות '!Q7<>"",'שירות '!Q7,'שירות '!U7) -> 0 | S7: =IF('שירות '!R7<>"",'שירות '!R7,'שירות '!V7) -> 190 | T7: {=_xlfn.TEXTJOIN(",",TRUE,_xlfn._xlws.FILTER(נדרש!F7:F505,נדרש!C7:C505=A6,""))}
A8: 5864 | B8: משרד העבודה | C8: הודעה על הפסקת פעילות של קבלני כוח אדם או קבלני שירות | D8: שירות זה מאפשר לקבלני כוח אדם או לקבלני שירות, להודיע למינהל הסדרה ואכיפה, על אי-חידוש רישיון הקבלן שברשותם.מסמכים נדרשים: טפסי 102, באם הועסקו עובדים זרים ו/או מבקשי מקלט ו/או מסתננים - יש להמציא אישורי ויזה + צילומי דרכון של כלל העובדים הזרים/מבקשי מקלט/מסתננים שהועסקו בעסק/חברה. | F8: מינהל הסדרה ואכיפת חוקי עבודה | G8: עסקי-מקצועי | H8: עסקי - חברות - כלל העסקים, | I8: דיווח מידע | J8: פעיל | K8: תאגיד בלבד | L8: כן | M8: דיגיטלי, דוא"ל | N8: =HYPERLINK(O7) -> https://www.gov.il/he/service/contractors-report-details-change | O8: https://www.gov.il/he/service/manpower-contractor-license-non-renewal | P8: =IF('שירות '!O8<>"",'שירות '!O8,'שירות '!S8) -> 190 | Q8: =IF('שירות '!P8<>"",'שירות '!P8,'שירות '!T8) -> 0 | R8: =IF('שירות '!Q8<>"",'שירות '!Q8,'שירות '!U8) -> 0 | S8: =IF('שירות '!R8<>"",'שירות '!R8,'שירות '!V8) -> 190 | T8: {=_xlfn.TEXTJOIN(",",TRUE,_xlfn._xlws.FILTER(נדרש!F8:F506,נדרש!C8:C506=A7,""))}
A9: 5865 | B9: משרד העבודה | C9: הנחיות למכירת חברה תוך שמירה על רישיון שניתן לקבלן שירות, קבלן כ"א או לשכות פרטיות | D9: שירות זה מספק מידע לקבלני שירות, לקבלני כוח אדם או לבעלי לשכות פרטיות, על חובתם להודיע על כוונתם למכור את מניות החברה או את פעילותה.מסמכים נדרשים: אישור הרשות על כוונה למכור את מניות החברה או את פעילותה | F9: מינהל הסדרה ואכיפת חוקי עבודה | G9: עסקי-מקצועי | H9: עסקי - חברות - כלל העסקים, | I9: דיווח מידע | J9: פעיל | K9: תאגיד בלבד | L9: כן | M9: דיגיטלי, דוא"ל | N9: =HYPERLINK(O8) -> https://www.gov.il/he/service/manpower-contractor-license-non-renewal | O9: https://www.gov.il/he/service/contractors-company-sale-report | P9: =IF('שירות '!O9<>"",'שירות '!O9,'שירות '!S9) -> 71 | Q9: =IF('שירות '!P9<>"",'שירות '!P9,'שירות '!T9) -> 0 | R9: =IF('שירות '!Q9<>"",'שירות '!Q9,'שירות '!U9) -> 0 | S9: =IF('שירות '!R9<>"",'שירות '!R9,'שירות '!V9) -> 71 | T9: {=_xlfn.TEXTJOIN(",",TRUE,_xlfn._xlws.FILTER(נדרש!F9:F507,נדרש!C9:C507=A8,""))}
A10: 5866 | B10: משרד העבודה | C10: הגשת תלונה על מעסיקים בשל הפרת חוקי עבודה | D10: שירות זה מאפשר לעובדים להגיש תלונה על מעסיקים, גם באופן אנונימי, במקרה של חשד להפרה של חוקי עבודה. | F10: מינהל הסדרה ואכיפת חוקי עבודה | G10: פרטי | H10: פרטי - אוכלוסייה כללית, | I10: דיווח מידע | J10: פעיל | K10: יחיד ותאגיד | L10: לא | M10: דיגיטלי | N10: =HYPERLINK(O9) -> https://www.gov.il/he/service/contractors-company-sale-report | O10: https://www.gov.il/he/service/work-rights-violation-complaints | P10: =IF('שירות '!O10<>"",'שירות '!O10,'שירות '!S10) -> 5724 | Q10: =IF('שירות '!P10<>"",'שירות '!P10,'שירות '!T10) -> 0 | R10: =IF('שירות '!Q10<>"",'שירות '!Q10,'שירות '!U10) -> 0 | S10: =IF('שירות '!R10<>"",'שירות '!R10,'שירות '!V10) -> 5724 | T10: {=_xlfn.TEXTJOIN(",",TRUE,_xlfn._xlws.FILTER(נדרש!F10:F508,נדרש!C10:C508=A9,""))}
A11: 5867 | B11: משרד העבודה | C11: בקשה להיתר העסקה בשעות נוספות ובמנוחה השבועית | D11: שירות זה מאפשר למעסיקים להגיש בקשה, להיתר מיוחד להעסקת עובדים במנוחה השבועית ו/או בשעות נוספות ו/או בעבודת לילה. | F11: מינהל הסדרה ואכיפת חוקי עבודה | G11: עסקי-מקצועי | H11: עסקי - חברות - כלל העסקים, | I11: דיווח מידע | J11: פעיל | K11: תאגיד בלבד | L11: כן | M11: דיגיטלי | N11: =HYPERLINK(O10) -> https://www.gov.il/he/service/work-rights-violation-complaints | O11: https://www.gov.il/he/service/request-for-employment-during-weekend-or-extra-hours | P11: =IF('שירות '!O11<>"",'שירות '!O11,'שירות '!S11) -> 1155 | Q11: =IF('שירות '!P11<>"",'שירות '!P11,'שירות '!T11) -> 0 | R11: =IF('שירות '!Q11<>"",'שירות '!Q11,'שירות '!U11) -> 0 | S11: =IF('שירות '!R11<>"",'שירות '!R11,'שירות '!V11) -> 1155 | T11: {=_xlfn.TEXTJOIN(",",TRUE,_xlfn._xlws.FILTER(נדרש!F11:F509,נדרש!C11:C509=A10,""))}
A12: 5868 | B12: משרד העבודה | C12: תשלום אגרת רישום, רישוי ובחינות רישוי למהנדסים ולאדריכלים | D12: שירות זה מאפשר תשלום אגרת רישום, רישוי ובחינות רישוי למהנדסים ולאדריכלים. | F12: אגף בכיר אסדרת עיסוקים | G12: פרטי | H12: פרטי - אוכלוסייה כללית, | I12: תשלומים | J12: פעיל | K12: יחיד ותאגיד | L12: לא | M12: דיגיטלי | N12: =HYPERLINK(O11) -> https://www.gov.il/he/service/request-for-employment-during-weekend-or-extra-hours | O12: https://www.gov.il/he/service/fees-testing-engineers-and-architects | P12: =IF('שירות '!O12<>"",'שירות '!O12,'שירות '!S12) -> 15000 | Q12: =IF('שירות '!P12<>"",'שירות '!P12,'שירות '!T12) -> 0 | R12: =IF('שירות '!Q12<>"",'שירות '!Q12,'שירות '!U12) -> 0 | S12: =IF('שירות '!R12<>"",'שירות '!R12,'שירות '!V12) -> 15000 | T12: {=_xlfn.TEXTJOIN(",",TRUE,_xlfn._xlws.FILTER(נדרש!F12:F510,נדרש!C12:C510=A11,""))}
A13: 5869 | B13: משרד העבודה | C13: רישום מורשי נגישות מתו"ס (מבנים, תשתיות וסביבה) הנדסאים | D13: השירות מאפשר להנדסאים להירשם כמורשי נגישות מתו"ס.מורשי נגישות מתו"ס מייעצים לגבי נגישות של מבנים, תשתיות וסביבה לאנשים עם מוגבלויות. הרישום הוא תנאי חובה לעיסוק כמורשה נגישות. | F13: אגף בכיר אסדרת עיסוקים | G13: פרטי | H13: פרטי - אוכלוסייה כללית, | I13: רישוי, רישום ותעודות | J13: פעיל | K13: יחיד ותאגיד | L13: כן | M13: דיגיטלי | N13: =HYPERLINK(O12) -> https://www.gov.il/he/service/fees-testing-engineers-and-architects | O13: https://www.gov.il/he/service/registration-accessibility-licenses-practical-engineers | P13: =IF('שירות '!O13<>"",'שירות '!O13,'שירות '!S13) -> 38 | Q13: =IF('שירות '!P13<>"",'שירות '!P13,'שירות '!T13) -> 0 | R13: =IF('שירות '!Q13<>"",'שירות '!Q13,'שירות '!U13) -> 0 | S13: =IF('שירות '!R13<>"",'שירות '!R13,'שירות '!V13) -> 38 | T13: {=_xlfn.TEXTJOIN(",",TRUE,_xlfn._xlws.FILTER(נדרש!F13:F511,נדרש!C13:C511=A12,""))}
... A21: 5877 | B21: משרד העבודה | C21: תשלומים ואגרות עבור רישיון חשמל | D21: שירות זה מאפשר לשלם אגרה עבור רישיון חשמל. | F21: אגף בכיר אסדרת עיסוקים | G21: פרטי | H21: פרטי - אוכלוסייה כללית, | I21: רישוי, רישום ותעודות | J21: פעיל | K21: יחיד ותאגיד | L21: לא | M21: דיגיטלי | N21: =HYPERLINK(O20) -> https://www.gov.il/he/service/controllers-registration | O21: https://www.gov.il/he/service/fees-and-payments-electrician-license | P21: =IF('שירות '!O21<>"",'שירות '!O21,'שירות '!S21) -> 35597 | Q21: =IF('שירות '!P21<>"",'שירות '!P21,'שירות '!T21) -> 0 | R21: =IF('שירות '!Q21<>"",'שירות '!Q21,'שירות '!U21) -> 0 | S21: =IF('שירות '!R21<>"",'שירות '!R21,'שירות '!V21) -> 35597 | T21: {=_xlfn.TEXTJOIN(",",TRUE,_xlfn._xlws.FILTER(נדרש!F21:F519,נדרש!C21:C519=A20,""))}
A22: 5878 | B22: משרד העבודה | C22: תשלום אגרות מה"ט (המכון הממשלתי להכשרה בטכנולוגיה ובמדע) | D22: שירות זה מאפשר לשלם אגרות עבור מה"ט (המכון הממשלתי להכשרה בטכנולוגיה ובמדע). השירות מיועד עבור סטודנטים ולא עבור המכללות. | F22: מה"ט | G22: פרטי | I22: תשלומים | J22: פעיל | K22: יחיד ותאגיד | L22: לא | M22: דיגיטלי | N22: =HYPERLINK(O21) -> https://www.gov.il/he/service/fees-and-payments-electrician-license | O22: https://www.gov.il/he/service/iroads_payment_for_services | P22: =IF('שירות '!O22<>"",'שירות '!O22,'שירות '!S22) -> 1114 | Q22: =IF('שירות '!P22<>"",'שירות '!P22,'שירות '!T22) -> 0 | R22: =IF('שירות '!Q22<>"",'שירות '!Q22,'שירות '!U22) -> 0 | S22: =IF('שירות '!R22<>"",'שירות '!R22,'שירות '!V22) -> 1114 | T22: {=_xlfn.TEXTJOIN(",",TRUE,_xlfn._xlws.FILTER(נדרש!F22:F520,נדרש!C22:C520=A21,""))}
A23: 5879 | B23: משרד העבודה | C23: התאמות בבחינות גמר ממלכתיות להנדסאים וטכנאים מוסמכים | D23: שירות זה מספק מידע על הגשת בקשה להתאמות בבחינה, עבור סטודנטים שהם עולים חדשים או בעלי לקות למידה או בעלי מגבלות שונות, הנבחנים בבחינות הגמר הממלכתיות של המכון הממשלתי להכשרה בטכנולוגיה ומדע (מה"ט) להנדסאים וטכנאים מוסמכים.נדרש להגיש ע"י המכללה בלבד תוצאות אבחונים והאישור מתקבל על ידי מערכת מה"ט.נט | F23: מה"ט | G23: עסקי-מקצועי | H23: מוסדות אקדמיים, | I23: דיווח מידע | J23: פעיל | K23: תאגיד בלבד | L23: כן | M23: דיגיטלי | N23: =HYPERLINK(O22) -> https://www.gov.il/he/service/iroads_payment_for_services | O23: https://www.gov.il/he/service/national_final_exams_adjustments_for_engineers_and_techs | P23: =IF('שירות '!O23<>"",'שירות '!O23,'שירות '!S23) -> 3010 | Q23: =IF('שירות '!P23<>"",'שירות '!P23,'שירות '!T23) -> 0 | R23: =IF('שירות '!Q23<>"",'שירות '!Q23,'שירות '!U23) -> 0 | S23: =IF('שירות '!R23<>"",'שירות '!R23,'שירות '!V23) -> 3010 | T23: {=_xlfn.TEXTJOIN(",",TRUE,_xlfn._xlws.FILTER(נדרש!F23:F521,נדרש!C23:C521=A22,""))}
A24: 5880 | B24: משרד העבודה | C24: תשלום מכללות לפרוייקטים או לבחינות חיצוניות של מה"ט (המכון הממשלתי להכשרה בטכנולוגיה ומדע) | D24: שירות זה מאפשר למכללות של המכון הממשלתי להכשרה בטכנולוגיה ובמדע (מה"ט) לשלם עבור בחינות חיצוניות או פרויקטים. | F24: מה"ט | G24: עסקי-מקצועי | H24: עסקי - חברות - כלל העסקים, | I24: תשלומים | J24: פעיל | K24: תאגיד בלבד | L24: לא | M24: דיגיטלי | N24: =HYPERLINK(O23) -> https://www.gov.il/he/service/national_final_exams_adjustments_for_engineers_and_techs | O24: https://www.gov.il/he/service/colleges_payment_external_examinations_projects | P24: =IF('שירות '!O24<>"",'שירות '!O24,'שירות '!S24) -> 540 | Q24: =IF('שירות '!P24<>"",'שירות '!P24,'שירות '!T24) -> 0 | R24: =IF('שירות '!Q24<>"",'שירות '!Q24,'שירות '!U24) -> 0 | S24: =IF('שירות '!R24<>"",'שירות '!R24,'שירות '!V24) -> 540 | T24: {=_xlfn.TEXTJOIN(",",TRUE,_xlfn._xlws.FILTER(נדרש!F24:F522,נדרש!C24:C522=A23,""))}
A25: 5881 | B25: משרד העבודה | C25: קבלת תוצאות וציונים של בחינות הכשרת מבוגרים | D25: שירות זה מאפשר לנבחנים שניגשו לבחינות המקצוע של האגף להכשרה מקצועית במשרד העבודה, להיכנס למערכת ציונט ולצפות בציוני הבחינות הממלכתיות.לא ניתן לקבל מידע של כמות פניות שנתית כי המידע לבירור ציונים עבר לאיזור האישי או למערכת מוסדית ייעודית לא רק בירור ציון | F25: הכשרה מקצועית | G25: פרטי | H25: פרטי - אוכלוסייה כללית, | I25: בקשת מידע | J25: פעיל | K25: יחיד ותאגיד | L25: לא | M25: דיגיטלי | N25: =HYPERLINK(O24) -> https://www.gov.il/he/service/colleges_payment_external_examinations_projects | O25: https://www.gov.il/he/pages/grades | P25: =IF('שירות '!O25<>"",'שירות '!O25,'שירות '!S25) -> 0 | Q25: =IF('שירות '!P25<>"",'שירות '!P25,'שירות '!T25) -> 0 | R25: =IF('שירות '!Q25<>"",'שירות '!Q25,'שירות '!U25) -> 0 | S25: =IF('שירות '!R25<>"",'שירות '!R25,'שירות '!V25) -> 0 | T25: {=_xlfn.TEXTJOIN(",",TRUE,_xlfn._xlws.FILTER(נדרש!F25:F523,נדרש!C25:C523=A24,""))}
A26: 5882 | B26: משרד העבודה | C26: סימולטור לחישוב דרגת זכאות להשתתפות במסגרות לגיל הרך המוכרות על ידי משרד העבודה | D26: שירות זה מאפשר להורים לקבל אומדן לדרגת הזכאות שתיקבע להם ולגובה השתתפות המדינה בשכר לימוד._x000D_ _x000D_ ניתן לצרף לבקשה כל מסמך שתומך בבקשת הזכאות. | F26: אגף בכיר עידוד תעסוקת הורים | G26: פרטי | H26: פרטי - הורים, | I26: בקשת מידע | J26: פעיל | K26: יחיד ותאגיד | L26: לא | M26: דיגיטלי | N26: =HYPERLINK(O25) -> https://www.gov.il/he/pages/grades | O26: https://www.gov.il/he/service/simulator_for_child_day_care_tuition | P26: =IF('שירות '!O26<>"",'שירות '!O26,'שירות '!S26) -> 346994 | Q26: =IF('שירות '!P26<>"",'שירות '!P26,'שירות '!T26) -> 0 | R26: =IF('שירות '!Q26<>"",'שירות '!Q26,'שירות '!U26) -> 0 | S26: =IF('שירות '!R26<>"",'שירות '!R26,'שירות '!V26) -> 346994 | T26: {=_xlfn.TEXTJOIN(",",TRUE,_xlfn._xlws.FILTER(נדרש!F26:F524,נדרש!C26:C524=A25,""))}
A27: 5883 | B27: משרד העבודה | C27: דיווח נוכחות חודשי | D27: הנחיות עבור מנהלות מעון ורכזות משפחתונים, ובנוסף קבצים לא מקוונים._x000D_ _x000D_ ניתן להגיש כל מסמך התומך בבקשה. | F27: אגף בכיר עידוד תעסוקת הורים | G27: עסקי-מקצועי | H27: מוסדות חינוך, | I27: דיווח מידע | J27: פעיל | K27: תאגיד בלבד | L27: לא | M27: דיגיטלי | N27: =HYPERLINK(O26) -> https://www.gov.il/he/service/simulator_for_child_day_care_tuition | O27: https://www.gov.il/he/service/reporting-monthly-attendance-day-care-centers-and-nurseries | P27: =IF('שירות '!O27<>"",'שירות '!O27,'שירות '!S27) -> 82530 | Q27: =IF('שירות '!P27<>"",'שירות '!P27,'שירות '!T27) -> 0 | R27: =IF('שירות '!Q27<>"",'שירות '!Q27,'שירות '!U27) -> 0 | S27: =IF('שירות '!R27<>"",'שירות '!R27,'שירות '!V27) -> 82530 | T27: {=_xlfn.TEXTJOIN(",",TRUE,_xlfn._xlws.FILTER(נדרש!F27:F525,נדרש!C27:C525=A26,""))}
A28: 5884 | B28: משרד העבודה | C28: בירור דרגת זכאות להשתתפות המדינה בשכר לימוד במסגרות לגיל הרך המוכרות על ידי משרד העבודה | D28: שירות זה מאפשר להורים שהגישו בקשה לקבלת השתתפות בשכר לימוד במסגרת שבפיקוח משרד העבודה (באמצעות טופס מקוון), לברר את סטטוס הטיפול בבקשה, האם חסרים מסמכים לקביעת דרגת הזכאות ומהי דרגת הזכאות שנקבעה._x000D_ _x000D_ ניתן לצרף כל מסמך התומך בבקשה. | F28: אגף בכיר עידוד תעסוקת הורים | G28: פרטי | H28: פרטי - הורים, | I28: סיוע כלכלי וקצבאות | J28: פעיל | K28: יחיד ותאגיד | L28: כן | M28: דיגיטלי | N28: =HYPERLINK(O27) -> https://www.gov.il/he/service/reporting-monthly-attendance-day-care-centers-and-nurseries | O28: https://www.gov.il/he/service/daycare-center-parents-request-degree-of-subsidy | P28: =IF('שירות '!O28<>"",'שירות '!O28,'שירות '!S28) -> 522860 | Q28: =IF('שירות '!P28<>"",'שירות '!P28,'שירות '!T28) -> 0 | R28: =IF('שירות '!Q28<>"",'שירות '!Q28,'שירות '!U28) -> 0 | S28: =IF('שירות '!R28<>"",'שירות '!R28,'שירות '!V28) -> 522860 | T28: {=_xlfn.TEXTJOIN(",",TRUE,_xlfn._xlws.FILTER(נדרש!F28:F526,נדרש!C28:C526=A27,""))}
A29: 5885 | B29: משרד העבודה | C29: רישום למעון יום לשנת הלימודים הבאה | D29: שירות לרישום ילדים למעונות יום | F29: אגף בכיר עידוד תעסוקת הורים | G29: פרטי | H29: פרטי - הורים, | I29: דיווח מידע | J29: פעיל | K29: יחיד ותאגיד | L29: לא | M29: דיגיטלי | N29: =HYPERLINK(O28) -> https://www.gov.il/he/service/daycare-center-parents-request-degree-of-subsidy | O29: https://www.gov.il/he/service/daycare-registration | P29: =IF('שירות '!O29<>"",'שירות '!O29,'שירות '!S29) -> 101088 | Q29: =IF('שירות '!P29<>"",'שירות '!P29,'שירות '!T29) -> 0 | R29: =IF('שירות '!Q29<>"",'שירות '!Q29,'שירות '!U29) -> 0 | S29: =IF('שירות '!R29<>"",'שירות '!R29,'שירות '!V29) -> 101088 | T29: {=_xlfn.TEXTJOIN(",",TRUE,_xlfn._xlws.FILTER(נדרש!F29:F527,נדרש!C29:C527=A28,""))}
A30: 5886 | B30: משרד העבודה | C30: טופס השלמת מסמכים לוועדות קבלה | D30: שירות זה מאפשר להשלים ולעדכן מסמכים לעדכון בקשה לוועדת קבלה למעונות יום. ניתן לצרף כל מסמך התומך בבקשה. | F30: אגף בכיר עידוד תעסוקת הורים | G30: פרטי | H30: פרטי - הורים, | I30: דיווח מידע | J30: פעיל | K30: יחיד ותאגיד | L30: כן | M30: דיגיטלי | N30: =HYPERLINK(O29) -> https://www.gov.il/he/service/daycare-registration | O30: https://www.gov.il/he/service/admission-committees-daycare | P30: =IF('שירות '!O30<>"",'שירות '!O30,'שירות '!S30) -> 49965 | Q30: =IF('שירות '!P30<>"",'שירות '!P30,'שירות '!T30) -> 0 | R30: =IF('שירות '!Q30<>"",'שירות '!Q30,'שירות '!U30) -> 0 | S30: =IF('שירות '!R30<>"",'שירות '!R30,'שירות '!V30) -> 49965 | T30: {=_xlfn.TEXTJOIN(",",TRUE,_xlfn._xlws.FILTER(נדרש!F30:F528,נדרש!C30:C528=A29,""))}
A31: 5887 | B31: משרד העבודה | C31: הצהרת התנדבות לעובדים במפעלים חיוניים | D31: שירות זה מאפשר לעובדים מעל גיל הפרישה להצהיר על רצונם להתנדב לשירות עבודה במפעלים חיוניים בשעת חירום. | F31: אגף כח אדם לשעת חירום – מטה ארצי | G31: עסקי-מקצועי | I31: דיווח מידע | J31: פעיל | K31: יחיד ותאגיד | L31: לא | M31: דיגיטלי | N31: =HYPERLINK(O30) -> https://www.gov.il/he/service/admission-committees-daycare | O31: https://www.gov.il/he/service/voluntary-work-declaration-form | P31: =IF('שירות '!O31<>"",'שירות '!O31,'שירות '!S31) -> 870 | Q31: =IF('שירות '!P31<>"",'שירות '!P31,'שירות '!T31) -> 0 | R31: =IF('שירות '!Q31<>"",'שירות '!Q31,'שירות '!U31) -> 0 | S31: =IF('שירות '!R31<>"",'שירות '!R31,'שירות '!V31) -> 870 | T31: {=_xlfn.TEXTJOIN(",",TRUE,_xlfn._xlws.FILTER(נדרש!F31:F529,נדרש!C31:C529=A30,""))}
A32: 5888 | B32: משרד העבודה | C32: הודעה על סכסוך עבודה במשק | D32: השירות מאפשר לדווח לממונה על יחסי עבודה על סכסוך עבודה. מסמכים נדרשים:הודעה חתומה על סכסוך עבודה או בטופס דיגיטלי https://www.gov.il/he/service/announce-labor-dispute | F32: ממונה על יחסי עבודה | G32: עסקי-מקצועי | I32: דיווח מידע | J32: פעיל | K32: תאגיד בלבד | L32: כן | M32: דיגיטלי | N32: =HYPERLINK(O31) -> https://www.gov.il/he/service/voluntary-work-declaration-form | O32: https://www.gov.il/he/service/announce-labor-dispute | P32: =IF('שירות '!O32<>"",'שירות '!O32,'שירות '!S32) -> 9 | Q32: =IF('שירות '!P32<>"",'שירות '!P32,'שירות '!T32) -> 0 | R32: =IF('שירות '!Q32<>"",'שירות '!Q32,'שירות '!U32) -> 0 | S32: =IF('שירות '!R32<>"",'שירות '!R32,'שירות '!V32) -> 9 | T32: {=_xlfn.TEXTJOIN(",",TRUE,_xlfn._xlws.FILTER(נדרש!F32:F530,נדרש!C32:C530=A31,""))}
A33: 5891 | B33: משרד העבודה | C33: דיווח על שינוי בהוצאות שכר העובדים של קבלני שירות, קבלני כח אדם וכן קבלני כח אדם, בעלי היתר מיוחד להעסקת עגורנאי צריח | D33: שירות זה מאפשר לקבלני שירות ולקבלני כוח אדם, להגיש דיווח למשרד העבודה על שינוי בהוצאות שכר העובדים שלהם.מסמכים נדרשים: טפסי 102, טבלת ריכוז תביעות | F33: מינהל הסדרה ואכיפת חוקי עבודה | G33: עסקי-מקצועי | H33: עסקי - חברות - כלל העסקים, | I33: דיווח מידע | J33: פעיל | K33: תאגיד בלבד | L33: כן | M33: דיגיטלי, דוא"ל | N33: =HYPERLINK(O32) -> https://www.gov.il/he/service/announce-labor-dispute | O33: https://www.gov.il/he/service/contractors-report-wages-change | P33: =IF('שירות '!O33<>"",'שירות '!O33,'שירות '!S33) -> 55 | Q33: =IF('שירות '!P33<>"",'שירות '!P33,'שירות '!T33) -> 0 | R33: =IF('שירות '!Q33<>"",'שירות '!Q33,'שירות '!U33) -> 0 | S33: =IF('שירות '!R33<>"",'שירות '!R33,'שירות '!V33) -> 55 | T33: {=_xlfn.TEXTJOIN(",",TRUE,_xlfn._xlws.FILTER(נדרש!F33:F531,נדרש!C33:C531=A32,""))}
